 Dungeon Crawl Stone Soup version 0.31-a0-37-g98a128e1d9 (webtiles) character file.

Game seed: 5748318337941744030

1054094 bezhaha the Archmage (level 27, 0/215 HPs)
             Began as a Vampire Earth Elementalist on May 14, 2023.
             Was the Champion of Vehumet.
             Slain by Ryelybyh the pandemonium lord (39 damage)
             ... on level 27 of a ziggurat on May 15, 2023.
             The game lasted 04:05:19 (82552 turns).

bezhaha the Archmage (Vampire Earth Elementalist)  Turns: 82552, Time: 04:05:20

Health: 0/215      AC:  8    Str: 11    XL:     27
Magic:  51/54      EV: 29    Int: 45    God:    Vehumet [******]
Gold:   12087      SH:  0    Dex: 17    Spells: 29/80 levels left

rFire   + + .        c - staff of earth "Avuic" {Fly Int+3}
rCold   + + +        x - crystal ball of Wucad Mu {*channel}
rNeg    . . .        R - +1 robe of Vines {NoPotionHeal Regen++++}
rPois   +            e - +2 helmet {Int+3}
rElec   +            K - scarf {rC+ rF+}
rCorr   +            S - +1 pair of gloves of Free Will {rCorr Dex+2 Stlth+}
SInv    +            O - +2 pair of boots of the Tick {Regen+ Str+4 Int+3}
Will    ++...        C - amulet of magic regeneration
Stlth   +++          i - ring of Yredelemnul's Hatred {rElec rPois rF+ rC+ Stlth-}
HPRegen 4.75/turn    h - ring of Judid {rElec rC+ Int+7 Dex-2 Stlth+}
MPRegen 0.74/turn

%: channel magic (40%)
@: corroded, flying, very slightly contaminated, healing quickly, studying 4
skills
A: alive, fangs 3, see invisible, vampiric 2, screaming 1, shaggy fur 1, wild
magic 1
}: 7/15 runes: decaying, slimy, silver, golden, iron, abyssal, gossamer
a: Exsanguinate, Renounce Religion


You were on level 27 of a ziggurat.
You worshipped Vehumet.
Vehumet was exalted by your worship.
You visited 16 branches of the dungeon, and saw 73 of its levels.
You visited the Abyss 1 time.
You visited 1 bazaar.
You visited 1 ziggurat, and saw 27 of its levels.
You also visited: Sewer, Gauntlet, Ice Cave, Volcano, Wizlab and Desolation.

You collected 18356 gold pieces.
You spent 6269 gold pieces at shops.

Inventory:

Missiles
 J - 11 curare-tipped darts
 W - a throwing net
Armour
 e - a +2 helmet of intelligence (worn)
 x - the crystal ball of Wucad Mu (worn) {*channel}
   (You found it in a wizard's laboratory)

   *Channel:  It often returns the magic spent to cast spells, but lowers their
   success rate.
   It always returns the magic spent on miscasts.
 K - a scarf of resistance (worn)
 O - the +2 pair of boots of the Tick (worn) {Regen+ Str+4 Int+3}
   (You bought it in a shop on level 10 of the Dungeon)

   Str:       It affects your strength (+4).
   Int:       It affects your intelligence (+3).
   Regen:     It increases your rate of health regeneration.
 R - the +1 robe of Vines (worn) {NoPotionHeal Regen++++}
   (You found it in the Desolation of Salt)

   NoPotionHeal: Its wearer cannot be healed by potions.
   Regen:     It increases your rate of health regeneration.
 S - the +1 pair of gloves of Free Will (worn) {rCorr Dex+2 Stlth+}
   (You found it on level 1 of the Depths)

   Dex:       It affects your dexterity (+2).
   rCorr:     It protects you from acid and corrosion.
   Stlth:     It makes you more stealthy.
Magical Staves
 c - the staff of earth "Avuic" (weapon) {Fly Int+3}
   (You found it on level 18 of a ziggurat)

   [staff of earth]

   Base accuracy: +5 Base damage: 5 Base attack delay: 1.2 This weapon's minimum
   attack delay (0.6) is reached at skill level 12.
   Int:       It affects your intelligence (+3).
   Fly:       It grants you flight.
   It falls into the 'Staves' category.
   It is a one-handed weapon.
 v - the staff of conjuration "Vulobuyh" {Fragile rPois rF+++ Stlth+}
   (You found it on level 8 of a ziggurat)

   [staff of conjuration]

   Base accuracy: +5 Base damage: 5 Base attack delay: 1.2 This weapon's minimum
   attack delay (0.6) is reached at skill level 12.
   rF:        It renders you almost immune to fire.
   rPois:     It protects you from poison.
   Fragile:   It will be destroyed if unequipped.
   Stlth:     It makes you more stealthy.
   It falls into the 'Staves' category.
   It is a one-handed weapon.
 I - the staff of earth "Oroack" {Will+ rCorr}
   (You found it on level 22 of a ziggurat)

   [staff of earth]

   Base accuracy: +5 Base damage: 5 Base attack delay: 1.2 This weapon's minimum
   attack delay (0.6) is reached at skill level 12.
   rCorr:     It protects you from acid and corrosion.
   Will:      It increases your willpower.
   It falls into the 'Staves' category.
   It is a one-handed weapon.
Jewellery
 h - the ring of Judid (right hand) {rElec rC+ Int+7 Dex-2 Stlth+}
   (You found it on level 6 of a ziggurat)

   [ring of protection from cold]

   Int:       It affects your intelligence (+7).
   Dex:       It affects your dexterity (-2).
   rC:        It protects you from cold.
   rElec:     It insulates you from electricity.
   Stlth:     It makes you more stealthy.
 i - the ring of Yredelemnul's Hatred (left hand) {rElec rPois rF+ rC+ Stlth-}
   (You found it on level 17 of a ziggurat)

   [ring of protection from cold]

   rF:        It protects you from fire.
   rC:        It protects you from cold.
   rElec:     It insulates you from electricity.
   rPois:     It protects you from poison.
   Stlth:     It makes you less stealthy.
 s - the ring "Uhipp" {rF+ rN+ MP+9}
   (You found it on level 3 of the Tomb of the Ancients)

   [ring of magical power]

   rF:        It protects you from fire.
   rN:        It protects you from negative energy.
   MP:        It affects your magic capacity (+9).
 z - the ring of the Disturbing Planets {rElec rN+ MP+9 Int+6 Dex+3}
   (You found it on level 22 of a ziggurat)

   [ring of intelligence]

   Int:       It affects your intelligence (+6).
   Dex:       It affects your dexterity (+3).
   rElec:     It insulates you from electricity.
   rN:        It protects you from negative energy.
   MP:        It affects your magic capacity (+9).
 C - an amulet of magic regeneration (around neck)
 N - the amulet "Caefal" {Reflect rElec SH+5}
   (You found it on level 22 of a ziggurat)

   [amulet of reflection]

   It reflects blocked missile attacks.
   rElec:     It insulates you from electricity.
   SH:        It affects your SH (+5).
 Q - the ring "Viocuj" {Fly rElec rC++ Str+3 Int-3}
   (You found it on level 24 of a ziggurat)

   [ring of flight]

   Str:       It affects your strength (+3).
   Int:       It affects your intelligence (-3).
   rC:        It greatly protects you from cold.
   rElec:     It insulates you from electricity.
   Fly:       It grants you flight.
 X - the ring "Ruothum" {rElec rF- rC+ rN++ Int+3}
   (You found it on level 25 of a ziggurat)

   [ring of protection from cold]

   Int:       It affects your intelligence (+3).
   rF:        It makes you vulnerable to fire.
   rC:        It protects you from cold.
   rElec:     It insulates you from electricity.
   rN:        It greatly protects you from negative energy.
Wands
 y - a wand of roots (166)
 D - a wand of paralysis (139)
 G - a wand of acid (116)
 T - a wand of digging (61)
 Y - a wand of mindburst (136)
Scrolls
 d - 12 scrolls of magic mapping
 f - 7 scrolls of immolation
 j - 44 scrolls of teleportation
 k - 8 scrolls of blinking
 m - 5 scrolls of poison
 n - 11 scrolls of fear
 o - 26 scrolls of fog
 A - 18 scrolls of amnesia
 F - 14 scrolls of vulnerability
 H - 5 scrolls of summoning
 M - 2 scrolls of silence
 V - 2 scrolls of torment
Potions
 b - 11 potions of magic
 l - 8 potions of lignification
 p - 10 potions of haste
 q - 15 potions of cancellation
 r - 12 potions of brilliance
 t - 5 potions of flight
 u - 26 potions of curing
 w - 7 potions of invisibility
 B - 21 potions of mutation
 E - 24 potions of heal wounds
 L - 11 potions of attraction
 P - 5 potions of resistance
 U - 12 potions of ambrosia
Miscellaneous
 a - a lightning rod (4/4)
 g - a condenser vane


   Skills:
 * Level 17.3 Fighting
 * Level 21.9 Armour
 O Level 27 Dodging
 - Level 3.0 Stealth
 - Level 5.3 Shields
 O Level 27 Spellcasting
 + Level 22.4 Conjurations
 O Level 27 Hexes
 - Level 25.1 Necromancy
 * Level 10.4 Translocations
 - Level 1.1 Transmutations
 O Level 27 Earth Magic


You had 29 spell levels left.
You knew the following spells:

 Your Spells              Type           Power      Damage    Failure   Level
b - Passwall              Tmut/Erth      100%       N/A       1%          2
d - Lee's Rapid Deconstr  Erth           92%        3d40*     1%          5
e - Iskenderun's Mystic   Conj/Tloc      100%       2d19      1%          4
f - Iron Shot             Conj/Erth      89%        9d16      1%          6
g - Blink                 Tloc           100%       N/A       1%          2
h - Shatter               Erth           92%        3d66*     1%          9
i - Lehudib's Crystal Sp  Conj/Erth      89%        10d20     1%          8
j - Borgnjor's Vile Clut  Necr/Erth      91%        N/A       1%          5
k - Sublimation of Blood  Necr           100%       N/A       1%          2
l - Discord               Hex            78%        N/A       1%          8

Your spell library contained the following spells:

 Spells                   Type           Power      Damage    Failure   Level
 Apportation              Tloc           100%       N/A       1%          1
 Foxfire                  Conj/Fire      100%       2x1d9     1%          1
 Kiss of Death            Conj/Necr      100%       2d13      1%          1
 Magic Dart               Conj           100%       1d8       1%          1
 Necrotise                Necr           100%       1d9       1%          1
 Sandblast                Erth           100%       2d20      1%          1
 Shock                    Conj/Air       100%       1d9       1%          1
 Slow                     Hex            100%       N/A       1%          1
 Cigotuvi's Dreadful Rot  Necr/Pois/Air  100%       N/A       1%          2
 Ensorcelled Hibernation  Hex/Ice        100%       N/A       1%          2
 Lesser Beckoning         Tloc           100%       N/A       1%          2
 Momentum Strike          Conj/Tloc      100%       3d10      1%          2
 Poisonous Vapours        Pois/Air       100%       N/A       1%          2
 Scorch                   Fire           100%       2d9       1%          2
 Searing Ray              Conj           100%       2d8       1%          2
 Static Discharge         Conj/Air       100%       2-7/arc   1%          2
 Confusing Touch          Hex            100%       N/A       1%          3
 Dazzling Flash           Conj/Hex       100%       N/A       1%          3
 Frozen Ramparts          Ice            100%       1d16      1%          3
 Gell's Gravitas          Tloc           100%       N/A       1%          3
 Hailstorm                Conj/Ice       100%       3d20      1%          3
 Ignite Poison            Fire/Tmut/Pois 70%        N/A       1%          3
 Inner Flame              Hex/Fire       100%       N/A       1%          3
 Mephitic Cloud           Conj/Pois/Air  100%       N/A       1%          3
 Portal Projectile        Hex/Tloc       100%       N/A       1%          3
 Stone Arrow              Conj/Erth      100%       3d13      1%          3
 Summon Guardian Golem    Hex/Summ       100%       N/A       1%          3
 Teleport Other           Tloc           100%       N/A       1%          3
 Tukima's Dance           Hex            100%       N/A       1%          3
 Vampiric Draining        Necr           100%       2d13      1%          3
 Volatile Blastmotes      Fire/Tloc      100%       2d18      1%          3
 Anguish                  Hex/Necr       77%        N/A       1%          4
 Animate Armour           Summ/Erth      100%       N/A       1%          4
 Animate Dead             Necr           100%       N/A       1%          4
 Cause Fear               Hex            78%        N/A       1%          4
 Dispel Undead            Necr           100%       3d31      1%          4
 Flame Wave               Conj/Fire      100%       2d21      1%          4
 Fulminant Prism          Conj/Hex       76%        3d31      1%          4
 Leda's Liquefaction      Hex/Erth       92%        N/A       1%          4
 Manifold Assault         Tloc           100%       N/A       1%          4
 Passage of Golubria      Tloc           100%       N/A       1%          4
 Petrify                  Tmut/Erth      100%       N/A       1%          4
 Sticky Flame             Conj/Fire      100%       2d11      1%          4
 Agony                    Necr           100%       N/A       1%          5
 Arcjolt                  Conj/Air       59%        1d69      1%          5
 Fireball                 Conj/Fire      59%        3d23      1%          5
 Freezing Cloud           Conj/Ice/Air   52%        6-21      1%          5
 Irradiate                Conj/Tmut      60%        3d31      1%          5
 Iskenderun's Battlesphe  Conj           100%       2d15      1%          5
 Metabolic Englaciation   Hex/Ice        63%        N/A       1%          5
 Silence                  Hex/Air        63%        N/A       1%          5
 Summon Mana Viper        Hex/Summ       100%       N/A       1%          5
 Yara's Violent Unravell  Hex/Tmut       63%        3d24      1%          5
 Conjure Ball Lightning   Conj/Air       59%        3x3d21    1%          6
 Death Channel            Necr           77%        N/A       1%          6
 Starburst                Conj/Fire      59%        6d16      1%          6
 Enfeeble                 Hex            78%        N/A       1%          7
 Orb of Destruction       Conj           74%        9d17      1%          7
 Infestation              Necr           77%        N/A       2%          8
 Beastly Appendage        Tmut           100%       N/A       3%          1
 Vhi's Electric Charge    Tloc/Air       100%       N/A       3%          3
 Airstrike                Air            34%        2d(5-21)  3%          4
 Olgreb's Toxic Radiance  Pois           68%        N/A       3%          4
 Statue Form              Tmut/Erth      100%       N/A       3%          6
 Spellforged Servitor     Conj/Summ      59%        N/A       3%          7
 Sting                    Tmut/Pois      100%       1d8       4%          1
 Summon Small Mammal      Summ           100%       N/A       4%          1
 Call Imp                 Summ           100%       N/A       4%          2
 Wereblood                Tmut           75%        N/A       4%          2
 Simulacrum               Ice/Necr       61%        N/A       4%          6
 Spider Form              Tmut/Pois      71%        N/A       6%          3
 Dispersal                Tloc           58%        N/A       6%          6
 Call Canine Familiar     Summ           68%        N/A       7%          3
 Ozocubu's Armour         Ice            68%        N/A       7%          3
 Swiftness                Air            68%        N/A       7%          3
 Summon Forest            Summ/Tloc      48%        N/A       7%          5
 Haunt                    Necr/Summ      61%        N/A       9%          7
 Ice Form                 Ice/Tmut       71%        N/A       12%         4
 Summon Ice Beast         Ice/Summ       68%        N/A       13%         4
 Summon Lightning Spire   Summ/Air       68%        N/A       13%         4
 Blade Hands              Tmut           37%        N/A       17%         5
 Eringya's Noxious Bog    Tmut/Pois      35%        N/A       17%         6
 Alistair's Intoxication  Tmut/Pois      47%        N/A       21%         5
 Plasma Beam              Fire/Air       34%        2x1d51    21%         6
 Disjunction              Tloc           58%        N/A       50%         8
 Malign Gateway           Summ/Tloc      48%        N/A       52%         7
 Summon Cactus Giant      Summ           34%        N/A       63%         6
 Ozocubu's Refrigeration  Ice            34%        4d15      63%         7
 Chain Lightning          Conj/Air       59%        3d78      67%         9
 Fire Storm               Conj/Fire      59%        8d15      67%         9
 Dragon Form              Tmut           37%        N/A       93%         7
 Storm Form               Tmut/Air       35%        N/A       96%         7
 Monstrous Menagerie      Summ           34%        N/A       98%         7
 Summon Hydra             Summ           34%        N/A       98%         7
 Ignition                 Fire           34%        3d10      99%         8
 Maxwell's Capacitive Co  Air            34%        ∞         99%         8
 Polar Vortex             Ice            34%        N/A       100%        9
 Borgnjor's Revivificati  Necr           Unusable   N/A       N/A         8
 Death's Door             Necr           Unusable   N/A       N/A         9
 Necromutation            Tmut/Necr      Unusable   N/A       N/A         8

Dungeon Overview and Level Annotations

Branches:
Dungeon (15/15)            Temple (1/1) D:4            Lair (5/5) D:8
  Swamp (4/4) Lair:3       Spider (4/4) Lair:3        Slime (5/5) Lair:5
    Orc (2/2) D:11            Elf (3/3) Orc:2        Vaults (5/5) D:13
  Crypt (3/3) Vaults:2       Tomb (3/3) Crypt:3      Depths (4/4) D:15
   Hell (visited)             Dis (7/7) Hell            Geh (6/7) Hell
    Coc (0/7) Hell            Tar (0/7) Hell            Zot (5/5) Depths:4
  Sewer (visited)           IceCv (visited)         Volcano (visited)
 WizLab (visited)         Desolation (visited)      Gauntlet (visited)

Altars:
Ashenzari
Cheibriados
Dithmenos
Fedhas
Gozag
Hepliaklqana
Kikubaaqudgha
Makhleb
Nemelex Xobeh
Okawaru
Qazlal
Ru
Sif Muna
Trog
Uskayaw
Vehumet
Wu Jian
Xom
Yredelemnul
Jiyva
Lugonu

Shops:
D:10 !***   Orc:1 *   Orc:2 !*[*   Elf:2 *   Vaults:2 [   Vaults:5 ??!???!!
Depths:3 [   Depths:4 **

Portals:
Hell: Depths:1 Depths:2 Depths:3 Depths:4
Abyss: Depths:1 Depths:2 Depths:3
Pandemonium: Depths:2 Depths:3 Depths:4
Ziggurat: Depths:1
Trove: Vaults:1 (give horn of Geryon)

Annotations:
D:3 1 runed translucent door, krokodildil's ghost, amateur KoHs
D:13 2 runed translucent doors
D:15 2 transporters
Lair:2 1 runed translucent door, anet's ghost, journeyman MiBe
Swamp:3 exclusion: upstairs
Elf:1 3 runed translucent doors
Vaults:3 2 transporters


Innate Abilities, Weirdness & Mutations

Your natural rate of healing is accelerated.
You have razor-sharp teeth.
You have supernaturally acute eyesight. (SInv)
You are afflicted with vampirism and can become a bat while bloodless.
You occasionally shout uncontrollably at your foes.
You are covered in fur. (AC +1)
Your spells are a little harder to cast, but a little more powerful.


Message History

Aiming: Lehudib's Crystal Spear (mildly dangerous; 1% risk of failure)
Press: ? - help, Shift-Dir - straight line, f/p - Ryelybyh
Aim: Ryelybyh (39% to hit)
You feel a surge of power!
The crystal spear hits Ryelybyh!!!!
Ryelybyh is moderately wounded.
Magical energy flows into your mind!
You hear a shout!
Ryelybyh hits you!!! Ryelybyh hits you!! Ryelybyh corrodes you!
Casting: Lehudib's Crystal Spear (mildly dangerous; 1% risk of failure)
Confirm with . or Enter, or press ? or * to list all spells.
Aiming: Lehudib's Crystal Spear (mildly dangerous; 1% risk of failure)
Press: ? - help, Shift-Dir - straight line, f/p - Ryelybyh
Aim: Ryelybyh (moderately wounded, 39% to hit)
You feel a surge of power!
You miscast Lehudib's Crystal Spear.
You are very lightly contaminated with residual magic.
Nothing appears to happen.
Magical energy flows into your mind! Ryelybyh misses you. Ryelybyh hits you!!!
A Killer Klown comes into view. It is wielding a +12 club of flaming.
You hear a loud rustle.
Casting: Lehudib's Crystal Spear (mildly dangerous; 1% risk of failure)
Confirm with . or Enter, or press ? or * to list all spells.
Aiming: Lehudib's Crystal Spear (mildly dangerous; 1% risk of failure)
Press: ? - help, Shift-Dir - straight line, f/p - Ryelybyh
Aim: Ryelybyh (moderately wounded, 39% to hit)
You feel a surge of power!
The crystal spear misses Ryelybyh.
Magical energy flows into your mind! Ryelybyh hits you!!!
The Killer Klown blinks!
Ryelybyh hits you!
* * * LOW HITPOINT WARNING * * *
Casting: Lehudib's Crystal Spear (mildly dangerous; 1% risk of failure)
Confirm with . or Enter, or press ? or * to list all spells.
Aiming: Lehudib's Crystal Spear (mildly dangerous; 1% risk of failure)
Press: ? - help, Shift-Dir - straight line, f/p - Ryelybyh
Aim: Ryelybyh (moderately wounded, 39% to hit)
You feel a surge of power!
The crystal spear misses Ryelybyh.
Magical energy flows into your mind!
You hear a horrible gurgling sound! x2
Ryelybyh hits you!!
* * * LOW HITPOINT WARNING * * *
Ryelybyh corrodes you! Ryelybyh hits you!!!
You die...

▓▓▓. ▓▓....
▓▓▓......
▓▓........
▓▓.........
▓▓..........
▓▓...@&......
▓▓.......#.#.#
▓...........
▓▓........#.#.#
▓.............
▓▓.........#.#.#
▓............. .
▓..............
▓............


You could see Ryelybyh.

Vanquished Creatures
  Dissolution (Slime:4)
  the Royal Jelly (Slime:5)
  Khufu (Tomb:3)
  Dispater (Dis:7)
  10 dread liches
  The ghost of Ihium the Petrodigitator, a legendary GrEE of Vehumet (Zig:5)
  The ghost of Lioda the Conqueror, a legendary MiBe of Trog (Zot:2)
  9 orbs of fire
  12 ancient liches
  18 juggernauts
  35 royal mummies
  Boris (Vaults:2)
  Sojobo (Crypt:1)
  13 Killer Klowns
  The ghost of Joepramp the Sorcerer, a veteran DjFE of Hepliaklqana (Depths:2)
  A curse toe (Crypt:3)
  Saint Roka (Crypt:1)
  13 caustic shrikes
  Nikola (Spider:4)
  Geryon (Hell)
  13 golden dragons
  2 pandemonium lords
  Jory (Vaults:4)
  7 bone dragons
  A pearl dragon (Zig:14)
  6 Brimstone Fiends
  The ghost of hattey the Slayer, an adept HuWn of Okawaru (Elf:1)
  A Tzitzimitl (Zig:16)
  Arachne (Spider:2)
  21 iron giants
  37 Hell Sentinels
  11 tentacled monstrosities
  Zenata (Vaults:2)
  6 electric golems
  An Ice Fiend (Zig:10)
  5 hellephants
  A titan (Vaults:5)
  Asterion (Vaults:2)
  25 Orb Guardians (Zot:5)
  17 liches
  16 quicksilver dragons
  19 acid blobs
  12 deep elf master archers
  9 searing wretches
  5 deep elf blademasters
  The ghost of Plog the Wrestler, an adept TrMo of Hepliaklqana (Depths:1)
  20 tentacled starspawn
  15 sphinxes
  54 ancient champions
  10 death cobs
  6 Executioners
  8 shadow dragons
  9 tengu reavers
  Kirke (Lair:3)
  13 azure jellies
  A thorn hunter (Zig:9)
  8 draconian monks
  Roxanne (Swamp:1)
  3 demonspawn warmongers
  14 rockslimes
  8 revenants
  2 fenstrider witches (Swamp:3)
  6 nagarajas (Zig:18)
  13 storm dragons
  12 fire giants
  18 draconian knights
  3 narguns
  A daeva (Zig:14)
  13 draconian scorchers
  10 iron dragons
  22 quicksilver elementals
  5 frost giants
  4 deep elf sorcerers
  An imperial myrmidon (Desolation)
  21 vault wardens
  5 ghost moths
  5 curse skulls
  5 emperor scorpions
  12 balrugs
  7 deep elf elementalists (Elf:3)
  10 ghouls
  A juggernaut zombie (Crypt:3)
  4 spriggan defenders
  10 draconian stormcallers
  The ghost of Leuqedgh the Imperceptible, an adept VSBr of Uskayaw (D:15)
  4 demonspawn corrupters
  A shard shrike simulacrum (Tomb:3)
  12 draconian annihilators
  4 angels
  26 ironbound preservers
  8 ironbound thunderhulks
  2 caustic shrike skeletons
  4 cacodemons
  6 broodmothers
  17 draconian shifters
  24 stone giants
  37 war gargoyles
  4 demonspawn blood saints
  11 orc warlords
  32 very ugly things
  4 starflowers (Abyss:5)
  2 ophanim (Zig:14)
  8 reapers
  13 vampire knights
  12 quicksilver oozes
  4 lorocyprocas
  15 green draconians
  2 apis (Zig:14)
  2 demonspawn black suns (Zig:16)
  A putrid mouth (Hell)
  9 deep elf demonologists
  10 spark wasps
  5 eleionomae
  6 halazid warlocks (Desolation)
  A rockslime zombie (Crypt:1)
  4 bunyips
  A minotaur (Gauntlet)
  8 dire elephants
  22 white draconians
  Azrael (Orc:2)
  35 purple draconians
  8 bennus (Tomb:3)
  8 black draconians
  19 red draconians
  24 yellow draconians
  16 deep elf annihilators
  5 eidola
  A wendigo (Zig:10)
  Snorg (Lair:3)
  15 ettins
  11 deep elf death magi
  An ettin (shapeshifter) (Elf:1)
  7 blizzard demons
  An entropy weaver (shapeshifter) (D:15)
  34 iron golems
  2 green deaths
  29 mummy priests
  15 ragged hierophants (Desolation)
  16 fire dragons
  5 crystal guardians
  13 deep elf high priests
  5 merfolk javelineers (Zig:23)
  13 great orbs of eyes
  14 yaktaur captains
  3 shambling mangroves
  12 entropy weavers
  10 servants of whispers (Desolation)
  18 jiangshi
  17 salamander tyrants
  4 spriggan zombies
  15 peacekeepers
  34 vault guards
  A ghost crab (Swamp:1)
  3 spriggan air magi
  13 ice dragons
  A jorogumo (Spider:4)
  2 hell beasts
  27 hydras
  7 ironbound frosthearts
  5 rakshasas
  2 radroaches
  2 spriggan skeletons
  11 boulder beetles
  17 centaur warriors
  4 death knights
  An anaconda (Abyss:3)
  5 catoblepae
  17 two-headed ogres
  4 ogre magi (Vaults:5)
  26 dancing weapons
  6 deep troll shamans
  13 alligators
  21 death scarabs
  4 stokers
  6 naga warriors
  15 death yaks
  31 hell hogs
  16 vampire magi
  4 deep troll earth magi
  4 satyrs (Zig:23)
  10 tengu warriors
  10 orc high priests
  7 thrashing horrors
  3 spriggan berserkers
  2 spectral storm dragons (Crypt:3)
  2 shock serpents (Zig:18)
  3 soul eaters
  8 naga sharpshooters
  3 skysharks
  13 sun demons
  10 wretched stars
  16 crystal echidnas
  A storm dragon zombie (Crypt:2)
  32 deep elf knights
  29 hell knights
  5 shadow wraiths
  3 spatial maelstroms (Abyss:3)
  7 fire crabs (Zig:22)
  13 iron trolls
  5 pharaoh ants
  4 cherubim (Zig:14)
  7 spriggan druids
  35 skeletal warriors
  6 goliath frogs
  2 death drakes (Abyss:3)
  A shadow demon (Zig:15)
  5 sixfirhies
  2 anaconda zombies (Hell)
  64 deep trolls
  7 glowing orange brains
  8 flayed ghosts
  A spriggan simulacrum (Crypt:3)
  17 orb spiders
  14 swamp dragons
  6 bog bodies
  A naga ritualist (Zig:18)
  25 orc knights
  An obsidian statue (Vaults:3)
  5 orange crystal statues
  17 deep elf archers
  27 ironbound convokers
  2 shadow dragon zombies (Crypt:3)
  2 orb spiders (shapeshifter)
  14 wizards
  28 phantasmal warriors
  12 necromancers
  2 anaconda skeletons (Hell)
  11 lindwurms
  41 deep elf pyromancers
  2 mana vipers
  24 starcursed masses
  11 steelbarb worms
  25 oklob plants
  A sphinx zombie (Crypt:1)
  A salamander (shapeshifter) (Elf:1)
  A jorogumo zombie (Crypt:1)
  A shadow dragon skeleton (Tomb:2)
  A cyclops (shapeshifter) (Abyss:5)
  34 deep elf zephyrmancers
  5 fauns (Zig:23)
  17 orc sorcerers
  79 ugly things
  A spectral fire dragon (Crypt:3)
  22 cyclopes
  31 wolf spiders
  14 will-o-the-wisps
  4 worldbinders
  2 spectral ice dragons (Crypt:3)
  A draconian zombie (Abyss:1)
  3 manticores
  10 shining eyes
  Maurice (D:10)
  43 moths of wrath
  11 black mambas
  5 eyes of devastation
  39 large abominations
  3 centaur zombies
  2 frost giant skeletons (Depths:2)
  A guardian serpent (shapeshifter) (D:14)
  23 vault sentinels
  A stone giant skeleton (Abyss:2)
  A fire giant skeleton (Depths:1)
  5 apocalypse crabs
  A titan simulacrum (Hell)
  7 demonic crawlers
  8 guardian serpents
  20 smoke demons
  A cane toad (shapeshifter) (Depths:2)
  12 molten gargoyles
  A rust devil (Hell)
  14 torpor snails
  11 gargoyles
  8 elephants
  18 cane toads
  A naga mage (Zig:18)
  An unseen horror (shapeshifter) (Elf:1)
  2 dire elephant skeletons
  3 unseen horrors
  A catoblepas zombie (Crypt:3)
  15 komodo dragons
  19 rime drakes
  10 freezing wraiths
  11 efreet
  14 hellions
  37 yaktaurs
  6 tengu conjurers
  39 guardian mummies
  A golden dragon simulacrum (Zig:10)
  5 kobold demonologists
  A sea snake zombie (Hell)
  11 tormentors
  A minotaur skeleton (Tomb:1)
  3 red devils
  A death drake zombie (Crypt:1)
  A hydra zombie (Hell)
  3 hellwings
  7 ice devils (Hell)
  10 ancient zymes
  17 trolls
  2 bloated husks
  A meliai (shapeshifter) (D:13)
  5 meliai
  5 harpy zombies
  20 polar bears
  11 tyrant leeches
  73 saltlings (Desolation)
  A tarantella (shapeshifter) (Elf:1)
  31 tarantellas
  8 blink frogs
  2 harpy skeletons
  A hornet (shapeshifter) (Elf:1)
  27 raiju
  2 wind drakes (shapeshifter)
  A snapping turtle (shapeshifter) (Vaults:5)
  13 hornets
  A meliai zombie (Crypt:3)
  7 dream sheep (Lair:4)
  20 jumping spiders
  An ettin zombie (Depths:1)
  2 centaur simulacra
  A black mamba zombie (Crypt:3)
  A great orb of eyes zombie (Crypt:3)
  A satyr skeleton (Crypt:1)
  11 spriggans
  48 flying skulls
  2 ettin skeletons
  132 slime creatures
  6 vampires
  A spriggan (shapeshifter) (Vaults:5)
  4 wraiths
  A naga simulacrum (Crypt:1)
  26 culicivoras
  5 air elementals
  An alligator skeleton (Hell)
  13 ynoxinuls
  6 fire elementals
  11 wyverns
  6 shadows
  A black mamba skeleton (Crypt:2)
  A dire elephant simulacrum (Hell)
  27 ushabtiu
  7 water elementals
  69 yaks
  9 fire bats
  A tyrant leech zombie (Crypt:3)
  A basilisk (shapeshifter) (Elf:1)
  A human (shapeshifter) (D:14)
  2 yaks (shapeshifter)
  5 basilisks
  A human (Lair:3)
  10 chaos spawn
  A spatial vortex (Abyss:3)
  53 redbacks
  10 vampire mosquitoes
  A sea snake simulacrum (Hell)
  10 neqoxecs
  A naga zombie (Tomb:1)
  3 steam dragons (Lair:5)
  13 wargs
  8 nagas
  2 hydra simulacra
  An acid dragon (D:13)
  12 swamp worms
  A floating eye (Slime:3)
  A floating eye (shapeshifter) (Elf:1)
  17 hell hounds
  9 water moccasins
  3 black bears
  92 orc warriors
  2 sky beasts
  7 swamp drakes (Swamp:4)
  3 ice beasts
  24 ogres
  2 boggarts (Gauntlet)
  8 centaurs
  A wolf (D:9)
  7 kobold brigands
  A rime drake skeleton (Crypt:3)
  6 bullfrogs
  9 earth elementals
  A scorpion (D:10)
  2 necrophages
  42 small abominations
  10 wights
  A water moccasin skeleton (Crypt:2)
  A killer bee (D:6)
  11 howler monkeys
  3 electric eels
  A troll skeleton (Crypt:1)
  8 crimson imps
  11 lava snakes
  4 quasits
  2 hounds (D:5)
  4 jellies
  21 orc priests
  A gnoll bouda (D:8)
  3 iron imps (Abyss:3)
  2 black bear skeletons
  5 iguanas
  27 orc wizards
  21 hell rats (Hell)
  4 lightning spires (Zig:24)
  A deep dwarf zombie (Crypt:3)
  2 tengu zombies
  57 mummies
  Robin (D:2)
  14 gnolls
  A river rat (Sewer)
  12 adders
  A shadow imp (D:6)
  7 white imps
  13 ufetubi
  2 iguana skeletons (Crypt:1)
  8 worms
  5 dart slugs
  118 orcs
  11 ball pythons
  9 endoplasms
  10 giant cockroaches
  11 goblins
  8 hobgoblins
  4 jackals (D:4)
  2 bats (D:1)
  8 frilled lizards
  A giant cockroach zombie (Crypt:3)
  A goblin zombie (Crypt:1)
  A hobgoblin skeleton (Crypt:2)
  16 kobolds
  An orc skeleton (Crypt:1)
  A quokka skeleton (Crypt:2)
  16 rats
  A butterfly (Lair:4)
  5 creeping infernos
  5 fire vortices
  4 lurking horrors
  6 starspawn tentacles
4503 creatures vanquished.

Vanquished Creatures (collateral kills)
  Xtahua (Vaults:3)
  10 caustic shrikes
  A golden dragon (Vaults:5)
  A pearl dragon (Zig:14)
  An iron giant (Zig:21)
  A Hell Sentinel (Zig:21)
  A lich (Zig:17)
  2 ancient champions
  A deep elf master archer (Zig:23)
  2 draconian monks
  2 daevas (Zig:14)
  5 draconian knights
  A nargun (Zig:10)
  2 iron dragons (Zig:21)
  4 fire giants (Zig:22)
  4 balrugs (Zig:22)
  5 draconian scorchers
  A draconian shifter (Zig:13)
  3 draconian stormcallers (Zig:25)
  An orc warlord (Zig:26)
  5 draconian annihilators
  2 war gargoyles
  An ophan (Zig:14)
  3 stone giants
  A purple draconian (Zig:25)
  2 apis (Zig:14)
  5 black draconians
  4 red draconians
  6 yellow draconians
  2 white draconians
  A crystal guardian (Zig:21)
  2 eidola (Zig:17)
  A deep elf death mage (Zig:17)
  A mummy priest (Tomb:3)
  A merfolk javelineer (Zig:23)
  3 fire dragons (Zig:22)
  A jiangshi (Zig:17)
  An entropy weaver (Zig:21)
  A boulder beetle (Zig:21)
  A satyr (Zig:23)
  A two-headed ogre (Zig:12)
  4 death scarabs (Tomb:1)
  2 orc high priests (Zig:26)
  A vampire mage (Zig:17)
  2 crystal echidnas
  2 cherubim (Zig:14)
  A skyshark (shapeshifter) (Vaults:5)
  2 fire crabs (Zig:22)
  A shadow wraith (Zig:17)
  A flayed ghost (Zig:17)
  3 orc sorcerers (Zig:26)
  3 moths of wrath (Zig:26)
  A demonic crawler (Zig:16)
  A hellion (Zig:15)
  A torpor snail (Zig:21)
  3 efreet (Zig:22)
  A fire giant simulacrum (Zig:10)
  2 ushabtiu (Tomb:1)
  3 wargs
  2 hell hounds (Zig:22)
  9 orc warriors
  A centaur (Zig:23)
  12 ogres
  2 earth elementals (Zig:21)
  4 orc priests
  An orc wizard (Zig:12)
  2 mummies
  A gnoll (Zig:26)
  An orc (Vaults:5)
  2 goblins (D:2)
165 creatures vanquished.

Vanquished Creatures (others)
  A juggernaut (Zig:26)
  2 shard shrikes (Zig:10)
  7 caustic shrikes
  A profane servitor (Zig:17)
  A pearl dragon (Zig:14)
  2 hellephants (Geh:6)
  2 draconian monks
  2 draconian knights (Zig:13)
  3 draconian scorchers
  A draconian stormcaller (Zig:25)
  An orc warlord (Zig:26)
  2 angels (Zig:14)
  4 stone giants
  A war gargoyle (Zig:21)
  A vampire knight (Zig:17)
  3 black draconians
  A yellow draconian (Zig:25)
  A deep elf annihilator (Zig:19)
  A merfolk javelineer (Zig:23)
  An ettin (Vaults:5)
  A vampire mage (Zig:17)
  An orc high priest (Zig:26)
  2 fire crabs (Zig:22)
  A sixfirhy (Zig:16)
  2 efreet (Zig:22)
  A tormentor (Dis:6)
  A yaktaur (Zig:23)
  2 guardian mummies (Tomb:3)
  2 trolls (Zig:26)
  2 humans (Lair:3)
  A warg (Zig:12)
  A hell hound (Zig:22)
  3 orc warriors
  An ogre (Zig:12)
  A small abomination (Abyss:3)
  An orc wizard (Zig:12)
  A mummy (Tomb:3)
  16 foxfires
  10 starspawn tentacles
88 creatures vanquished.

Grand Total: 4756 creatures vanquished

Notes
Turn   | Place    | Note
-------+----------+-------------------------------------------
     0 | D:1      | bezhaha the Vampire Earth Elementalist began the quest for
                  | the Orb.
     0 | D:1      | Reached XP level 1. HP: 13/13 MP: 3/3
   303 | D:1      | Reached XP level 2. HP: 19/19 MP: 3/5
   469 | D:1      | Found a broken altar of Ashenzari.
   722 | D:1      | Found Zegih's Magic Scroll Shoppe.
  1046 | D:1      | Learned a level 2 spell: Passwall
  1050 | D:1      | Bought a scroll of teleportation for 30 gold pieces
  1128 | D:2      | Noticed Robin
  1135 | D:2      | Gained mutation: You are afflicted with vampirism and can
                  | become a bat while bloodless. [Vampire growth]
  1135 | D:2      | Reached XP level 3. HP: 24/24 MP: 3/6
  1150 | D:2      | Gained mutation: You occasionally lose the ability to drink
                  | potions when taking damage. [potion of mutation]
  1150 | D:2      | Gained mutation: You have an increased reservoir of magic.
                  | (+10% MP) [potion of mutation]
  1241 | D:2      | Killed Robin
  1371 | D:2      | Reached XP level 4. HP: 30/30 MP: 6/9
  1450 | D:2      | Lost mutation: You have an increased reservoir of magic.
                  | (+10% MP) [potion of mutation]
  1450 | D:2      | Lost mutation: You occasionally lose the ability to drink
                  | potions when taking damage. [potion of mutation]
  1450 | D:2      | Gained mutation: Your magical capacity is low. (-10% MP)
                  | [potion of mutation]
  1621 | D:2      | Lost mutation: Your magical capacity is low. (-10% MP)
                  | [potion of mutation]
  1621 | D:2      | Gained mutation: Your flesh is heat resistant. (rF+)
                  | [potion of mutation]
  1621 | D:2      | Gained mutation: You are dopey. (Int -2) [potion of
                  | mutation]
  1714 | D:2      | Found a faded altar of an unknown god.
  1807 | D:3      | Found a runed translucent door.
  2019 | D:3      | Found a broken altar of Ashenzari.
  2171 | D:3      | Found a glowing drain.
  2199 | Sewer    | Entered a sewer
  2354 | Sewer    | Reached XP level 5. HP: 35/35 MP: 7/10
  2748 | D:3      | Identified a scroll of acquirement
  2755 | D:3      | Acquired 684 gold pieces
  2823 | D:1      | Bought a scroll of magic mapping for 75 gold pieces
  2823 | D:1      | Bought a scroll of amnesia for 40 gold pieces
  2823 | D:1      | Bought a scroll of identify for 20 gold pieces
  2823 | D:1      | Bought a scroll of identify for 20 gold pieces
  2823 | D:1      | Bought a scroll of enchant armour for 75 gold pieces
  2823 | D:1      | Bought 2 scrolls of identify for 40 gold pieces
  3035 | D:3      | Lost mutation: Your flesh is heat resistant. (rF+) [potion
                  | of mutation]
  3035 | D:3      | Lost mutation: You are dopey. (Int -2) [potion of mutation]
  3035 | D:3      | Gained mutation: You possess an exceptional clarity of
                  | mind. [potion of mutation]
  3035 | D:3      | Gained mutation: You are strong-willed. (Will+) [potion of
                  | mutation]
  3219 | D:3      | Found a shadowy altar of Dithmenos.
  3224 | D:3      | Learned a level 3 spell: Stone Arrow
  3230 | D:3      | Learned a level 5 spell: Lee's Rapid Deconstruction
  3366 | D:3      | Reached skill level 5 in Earth Magic
  3740 | D:3      | Noticed krokodildil's ghost (amateur KoHs)
  3858 | D:4      | Found a hazy altar of Hepliaklqana.
  3865 | D:4      | Found a staircase to the Ecumenical Temple.
  4034 | D:4      | Found a hide-covered altar of Uskayaw.
  4358 | D:4      | Reached XP level 6. HP: 41/41 MP: 12/12
  4888 | D:5      | Entered Level 5 of the Dungeon
  4909 | D:5      | Found an opulent altar of Gozag.
  5240 | D:5      | Found a sacrificial altar of Ru.
  5631 | D:5      | Found an ornate altar of the Wu Jian Council.
  5925 | D:6      | Reached skill level 5 in Spellcasting
  6009 | D:6      | Reached XP level 7. HP: 46/46 MP: 14/14
  6731 | D:7      | Found a sparkling altar of Nemelex Xobeh.
  6733 | D:7      | Found a stormy altar of Qazlal.
  6804 | D:7      | Reached XP level 8. HP: 52/52 MP: 17/17
  7172 | D:7      | Found a shimmering blue altar of Sif Muna.
  7714 | D:8      | Found a staircase to the Lair.
  7742 | D:8      | Noticed a kobold demonologist
  7749 | D:8      | Killed a kobold demonologist
  7982 | D:8      | Found a snail-covered altar of Cheibriados.
  8070 | D:8      | Reached XP level 9. HP: 47/57 MP: 21/21
  8450 | D:9      | Noticed a cyclops
  8455 | D:9      | Killed a cyclops
  8456 | D:9      | Reached skill level 10 in Earth Magic
  8683 | D:9      | Noticed a polar bear
  8690 | D:9      | Killed a polar bear
  8780 | D:9      | Reached XP level 10. HP: 38/63 MP: 23/23
  8783 | D:9      | Reached skill level 10 in Spellcasting
  9064 | D:9      | Noticed a sun demon
  9066 | D:9      | Noticed a sixfirhy
  9948 | D:10     | Entered Level 10 of the Dungeon
 10038 | D:10     | Found Niysokk's Assorted Antiques.
 10045 | D:10     | Bought a pair of ichor-stained boots for 294 gold pieces
 10045 | D:10     | Identified the +2 pair of boots of the Tick {Regen+ Str+4
                  | Int+3} (You bought it in a shop on level 10 of the Dungeon)
 10068 | D:10     | Found Muatouc's Assorted Antiques.
 10080 | D:10     | Bought a glowing white potion for 28 gold pieces
 10135 | D:10     | Noticed Maurice
 10148 | D:10     | Killed Maurice
 10213 | D:10     | Found Maasheyp's General Store.
 10222 | D:10     | Bought a potion of resistance for 160 gold pieces
 10227 | D:10     | Noticed a two-headed ogre
 10235 | D:10     | Killed a two-headed ogre
 10236 | D:10     | Reached XP level 11. HP: 55/68 MP: 12/26
 10418 | D:10     | Found a bloodstained altar of Trog.
 10525 | D:10     | Found Dapie's Distillery.
 10551 | D:10     | Bought a potion of degeneration for 14 gold pieces
 10552 | D:10     | Bought 2 potions of heal wounds for 140 gold pieces
 11041 | D:11     | Noticed a two-headed ogre
 11046 | D:11     | Killed a two-headed ogre
 11944 | D:11     | Found a staircase to the Orcish Mines.
 12412 | D:12     | Noticed a catoblepas
 12418 | D:12     | Killed a catoblepas
 12466 | D:12     | Noticed a boulder beetle
 12472 | D:12     | Killed a boulder beetle
 12732 | D:13     | Noticed a catoblepas
 12742 | D:13     | Killed a catoblepas
 12807 | D:13     | Reached XP level 12. HP: 74/74 MP: 29/29
 12834 | D:13     | Identified the +8 trident of the Tomato {vamp, rCorr}
 12870 | D:13     | Noticed a tengu warrior
 12885 | D:13     | Found a shadowy altar of Dithmenos.
 13118 | D:13     | Noticed a centaur warrior
 13123 | D:13     | Killed a centaur warrior
 13196 | D:13     | Noticed a boulder beetle
 13207 | D:13     | Killed a boulder beetle
 13489 | D:13     | Noticed a two-headed ogre
 13490 | D:13     | Noticed a centaur warrior
 13498 | D:13     | Killed a centaur warrior
 13504 | D:13     | Killed a two-headed ogre
 13551 | D:13     | Noticed a two-headed ogre
 13556 | D:13     | Killed a two-headed ogre
 13605 | D:13     | Noticed a catoblepas
 13606 | D:13     | Reached skill level 15 in Earth Magic
 13612 | D:13     | Killed a catoblepas
 13673 | D:13     | Noticed a two-headed ogre
 13677 | D:13     | Killed a two-headed ogre
 13723 | D:13     | Noticed a seven-headed hydra
 13726 | D:13     | Killed a seven-headed hydra
 13727 | D:13     | Noticed a tengu warrior
 13825 | D:13     | Noticed an ettin
 13827 | D:13     | Noticed a fire dragon
 13829 | D:13     | Killed an ettin
 13830 | D:13     | Reached XP level 13. HP: 79/79 MP: 23/31
 13832 | D:13     | Killed a fire dragon
 13904 | D:13     | Found a gate to the Vaults.
 13990 | D:13     | Reached skill level 15 in Spellcasting
 14295 | D:13     | Found a runed translucent door.
 14295 | D:13     | Found a runed translucent door.
 14307 | D:13     | Identified the +4 scale mail of Idghahis {Int+4}
 14809 | Temple   | Entered the Ecumenical Temple
 14824 | Temple   | Became a worshipper of Vehumet
 14978 | Lair:1   | Entered Level 1 of the Lair of Beasts
 15030 | Lair:1   | Found a dark tunnel.
 15038 | Volcano  | Entered a volcano
 15244 | Volcano  | Found a burning altar of Makhleb.
 15408 | Volcano  | Reached * piety under Vehumet
 15408 | Volcano  | Offered knowledge of Freeze by Vehumet.
 16246 | Lair:2   | Found a runed translucent door.
 16335 | Lair:2   | Offered knowledge of Kiss of Death by Vehumet.
 16376 | Lair:2   | Reached ** piety under Vehumet
 16598 | Lair:1   | Reached XP level 14. HP: 85/85 MP: 34/34
 16720 | Lair:1   | Offered knowledge of Dazzling Flash by Vehumet.
 17078 | Lair:2   | Noticed anet's ghost (journeyman MiBe)
 17159 | Lair:2   | Reached *** piety under Vehumet
 17308 | Lair:2   | Identified the +5 trident of the Sky {protect, rElec Str+3}
 17742 | Lair:3   | Noticed Snorg
 17747 | Lair:3   | Killed Snorg
 17941 | Lair:3   | Found a staircase to the Swamp.
 18231 | Lair:3   | Found a hole to the Spider Nest.
 18237 | Lair:3   | Offered knowledge of Hailstorm by Vehumet.
 18548 | Lair:3   | Noticed Kirke
 18554 | Lair:3   | Killed Kirke
 18981 | Lair:4   | Learned a level 4 spell: Iskenderun's Mystic Blast
 19028 | Lair:4   | Reached skill level 1 in Conjurations
 19151 | Lair:4   | Reached **** piety under Vehumet
 19166 | Lair:4   | Offered knowledge of Flame Wave by Vehumet.
 20198 | Lair:5   | Entered Level 5 of the Lair of Beasts
 20558 | Lair:5   | Reached XP level 15. HP: 90/90 MP: 36/36
 20956 | Lair:5   | Found a staircase to the Slime Pits.
 20964 | Lair:5   | Reached ***** piety under Vehumet
 21084 | Lair:5   | Offered knowledge of Irradiate by Vehumet.
 21391 | Lair:5   | Found a large runed translucent door.
 21391 | Lair:5   | Found a large runed translucent door.
 21974 | Orc:1    | Entered Level 1 of the Orcish Mines
 22080 | Orc:1    | You fall into a shaft and drop 1 floor!
 22080 | Orc:2    | Entered Level 2 of the Orcish Mines
 22080 | Orc:2    | Found a gate leading to a gauntlet.
 22126 | Gauntlet | Entered a Gauntlet
 22126 | Gauntlet | Found a transporter.
 22126 | Gauntlet | Found a transporter.
 22130 | Gauntlet | Found a transporter.
 22130 | Gauntlet | Found a transporter.
 22139 | Gauntlet | Found a transporter.
 22158 | Gauntlet | Found a transporter.
 22158 | Gauntlet | Found a transporter.
 22164 | Gauntlet | Found a large runed translucent door.
 22165 | Gauntlet | Found a large runed translucent door.
 22166 | Gauntlet | Found a large runed translucent door.
 22166 | Gauntlet | Found a large runed translucent door.
 22167 | Gauntlet | Found a runed translucent gate.
 22167 | Gauntlet | Found a large runed translucent door.
 22167 | Gauntlet | Found a large runed translucent door.
 22167 | Gauntlet | Found a runed translucent door.
 22168 | Gauntlet | Found a transporter.
 22168 | Gauntlet | Found a runed translucent gate.
 22168 | Gauntlet | Found a transporter.
 22168 | Gauntlet | Found a large runed translucent door.
 22169 | Gauntlet | Found a runed translucent gate.
 22169 | Gauntlet | Found a runed translucent door.
 22169 | Gauntlet | Found a large runed translucent door.
 22171 | Gauntlet | Found a transporter.
 22176 | Gauntlet | Found a large runed translucent door.
 22176 | Gauntlet | Found a large runed translucent door.
 22177 | Gauntlet | Found a large runed translucent door.
 22178 | Gauntlet | Found a large runed translucent door.
 22187 | Gauntlet | Found a large runed translucent door.
 22187 | Gauntlet | Found a large runed translucent door.
 22205 | Gauntlet | Found a transporter.
 22228 | Gauntlet | Found a transporter.
 22228 | Gauntlet | Found the +8 mithril axe "Arga" {speed, Will+}
 22265 | Gauntlet | Found a transporter.
 22281 | Gauntlet | Found a transporter.
 22382 | Gauntlet | Found a transporter.
 22398 | Gauntlet | Found a transporter.
 22413 | Gauntlet | Found a large runed translucent door.
 22414 | Gauntlet | Found a large runed translucent door.
 22957 | Gauntlet | Identified the ring "Zyinirr" {Wiz Str+3}
 23047 | Gauntlet | Identified the +0 crystal plate armour "Risyw" {*Slow Fly
                  | rN+ Str+2}
 23543 | Orc:1    | Found Wivuocsa's Assorted Antiques.
 23764 | Orc:2    | Offered knowledge of Eringya's Noxious Bog by Vehumet.
 23795 | Orc:2    | Found a staircase to the Elven Halls.
 24064 | Elf:1    | Entered Level 1 of the Elven Halls
 24500 | Orc:2    | Found Forghiv's Distillery.
 24500 | Orc:2    | Found Docurew's Assorted Antiques.
 24542 | Orc:2    | Noticed Azrael
 24546 | Orc:2    | Killed Azrael
 24561 | Orc:2    | Offered knowledge of Iskenderun's Battlesphere by Vehumet.
 24796 | Orc:2    | Reached skill level 5 in Conjurations
 25050 | Orc:2    | Found Neast's Armour Shop.
 25050 | Orc:2    | Found Pust's General Store.
 25234 | Orc:2    | Bought a crude leather armour for 217 gold pieces
 25234 | Orc:2    | Identified the +1 leather armour of Misanthropy {rC++} (You
                  | bought it in a shop on level 2 of the Orcish Mines)
 25249 | Orc:2    | Bought a potion of cancellation for 112 gold pieces
 25249 | Orc:2    | Bought a potion of heal wounds for 70 gold pieces
 25249 | Orc:2    | Bought a potion of heal wounds for 70 gold pieces
 25249 | Orc:2    | Bought a potion of mutation for 112 gold pieces
 25281 | Orc:2    | Bought a +1 cloak of willpower for 198 gold pieces
 25431 | D:10     | Bought a potion of mutation for 112 gold pieces
 26329 | D:14     | Identified the +9 quarterstaff "Death Rattle" {flame, rElec
                  | rF+ Dex+6}
 26332 | D:14     | Reached XP level 16. HP: 78/96 MP: 37/38
 26756 | D:15     | Entered Level 15 of the Dungeon
 26854 | D:15     | Found a frozen archway.
 26894 | IceCv    | Entered an ice cave
 26944 | IceCv    | Offered knowledge of Iron Shot by Vehumet.
 27196 | IceCv    | Reached skill level 1 in Shields
 27586 | IceCv    | Identified the +10 ice dragon scales of Pan-Flutes {rF-
                  | rC++ Dex+3}
 27590 | IceCv    | Identified the ring of Light {Ice *Slow Fly rElec Stlth-}
 27781 | IceCv    | Learned a level 6 spell: Iron Shot
 27870 | D:15     | Acquired a book of Spatial Translocations
 27875 | D:15     | Learned a level 2 spell: Blink
 27887 | D:15     | Found a transporter.
 27897 | D:15     | Found a bloodstained altar of Trog.
 27897 | D:15     | Noticed Leuqedgh's ghost (adept VSBr)
 27982 | D:15     | Found a transporter.
 28295 | D:15     | Found a staircase to the Depths.
 28491 | D:15     | Offered knowledge of Orb of Destruction by Vehumet.
 28876 | Swamp:1  | Entered Level 1 of the Swamp
 29379 | Swamp:1  | Noticed Roxanne
 29383 | Swamp:1  | Killed Roxanne
 30067 | Swamp:2  | You fall into a shaft and drop 1 floor!
 30156 | Swamp:3  | Reached XP level 17. HP: 101/101 MP: 40/40
 31678 | Swamp:4  | Entered Level 4 of the Swamp
 31890 | Swamp:4  | Reached ****** piety under Vehumet
 31944 | Swamp:4  | Reached skill level 5 in Shields
 32433 | Swamp:4  | Offered knowledge of Yara's Violent Unravelling by Vehumet.
 32895 | Swamp:4  | Got a decaying rune of Zot
 33572 | Vaults:1 | Entered Level 1 of the Vaults
 33920 | Vaults:1 | Reached XP level 18. HP: 87/107 MP: 14/42
 34356 | Vaults:1 | Offered knowledge of Maxwell's Capacitive Coupling by
                  | Vehumet.
 34367 | Vaults:1 | Reached skill level 10 in Conjurations
 34826 | Vaults:1 | Gained mutation: You occasionally shout uncontrollably at
                  | your foes. [mutagenic glow]
 34927 | Vaults:1 | Found a portal to a secret trove of treasure.
 35302 | Vaults:2 | Found a magical portal.
 35309 | WizLab   | Entered Wucad Mu's Monastery
 35607 | WizLab   | Found the crystal ball of Wucad Mu {*channel}
 35653 | WizLab   | Reached XP level 19. HP: 112/112 MP: 39/43
 35922 | Vaults:2 | Found Lumpum's Armour Boutique.
 36170 | Vaults:2 | Noticed Asterion
 36176 | Vaults:2 | Killed Asterion
 36215 | Vaults:2 | You fall into a shaft and drop 2 floors!
 36661 | Vaults:4 | Offered knowledge of Lehudib's Crystal Spear by Vehumet.
 36661 | Vaults:4 | Offered knowledge of Shatter by Vehumet.
 36661 | Vaults:4 | Offered knowledge of Chain Lightning by Vehumet.
 36682 | Vaults:4 | Reached XP level 20. HP: 91/118 MP: 45/45
 36825 | Vaults:4 | Learned a level 9 spell: Shatter
 36875 | Vaults:4 | Upgraded the game from 0.31-a0-36-g603a1083af to
                  | 0.31-a0-37-g98a128e1d9
 37454 | Vaults:4 | Noticed Jory
 37465 | Vaults:4 | Killed Jory
 38227 | Vaults:3 | Found a transporter.
 38227 | Vaults:3 | Found the +3 pair of mountain boots {steadfast, rC+}
 38228 | Vaults:3 | Noticed Xtahua
 38236 | Vaults:3 | Killed Xtahua
 38275 | Vaults:3 | Found a crumbling gateway.
 38296 | Desolati | Entered the Desolation of Salt
 38403 | Desolati | Reached XP level 21. HP: 123/123 MP: 47/47
 38597 | Desolati | Identified the ring "Itacka" {Drain rPois rF- Will+ rCorr}
 38731 | Desolati | Got Sif Muna's Omnibus of the Switch and Hyperthermia
 38736 | Desolati | Got Maonudd's Grimoire of the Undead and Sculpting
 38740 | Desolati | Got the Spellbook of Unholy Secrets
 38746 | Desolati | Got the Catalogue of the Iceberg
 38749 | Desolati | Got the Commentary on Viperous Erosion
 38752 | Desolati | Got the Compendium of Silt
 38873 | Desolati | Identified the +2 barding of the Ward {rElec rN+ Str+2}
 38949 | Desolati | Found the +1 robe of Vines {NoPotionHeal Regen++++}
 39107 | Desolati | Learned a level 8 spell: Lehudib's Crystal Spear
 39113 | Desolati | Learned a level 5 spell: Borgnjor's Vile Clutch
 39329 | Vaults:3 | Reached skill level 1 in Necromancy
 39356 | Vaults:3 | Reached skill level 1 in Armour
 39802 | Vaults:3 | Found a transporter.
 40656 | Vaults:2 | Found a staircase to the Crypt.
 40680 | Vaults:2 | Noticed Boris
 40683 | Vaults:2 | Killed Boris
 41249 | Vaults:2 | Noticed Zenata
 41252 | Vaults:2 | Killed Zenata
 41679 | Vaults:5 | Entered Level 5 of the Vaults
 41680 | Vaults:5 | Noticed a golden dragon
 41682 | Vaults:5 | Reached skill level 5 in Dodging
 41687 | Vaults:5 | Noticed an ancient lich
 42033 | Spider:1 | Entered Level 1 of the Spider Nest
 42171 | Spider:1 | Reached XP level 22. HP: 129/129 MP: 49/49
 42765 | Spider:2 | Noticed Arachne
 42768 | Spider:2 | Killed Arachne
 42773 | Spider:2 | Reached skill level 5 in Necromancy
 43802 | Spider:3 | Got Sif Muna's Parchment of the Glacier and Therianthropy
 44458 | Spider:4 | Entered Level 4 of the Spider Nest
 44562 | Spider:4 | Noticed Nikola
 44565 | Spider:4 | Killed Nikola
 44950 | Spider:4 | Reached skill level 5 in Armour
 45183 | Spider:4 | Got a gossamer rune of Zot
 45678 | Elf:1    | Found a transporter.
 45681 | Elf:1    | Noticed hattey's ghost (adept HuWn)
 45688 | Elf:1    | Killed hattey's ghost
 45688 | Elf:1    | Paralysed by an air elemental for 1 turns
 45698 | Elf:1    | Found a transporter.
 45704 | Elf:1    | Identified the ring of Goiqas {Str+2 Int+6}
 45705 | Elf:1    | Identified the ring of Yryih {rC+ rN+ Int-4 Dex+6}
 45811 | Elf:1    | Paralysed by an air elemental for 1 turns
 45950 | Elf:1    | Found a shimmering blue altar of Sif Muna.
 46195 | Elf:1    | Reached XP level 23. HP: 123/134 MP: 51/51
 46202 | Elf:1    | Found a runed translucent door.
 46225 | Elf:1    | Found a runed translucent gate.
 46227 | Elf:1    | Found a runed translucent gate.
 46232 | Elf:1    | Found a runed translucent gate.
 46304 | Elf:1    | Found a gateway to a bazaar.
 46660 | Bazaar   | Entered a bazaar
 46665 | Bazaar   | Found Uhegiul's Antique Armour Shop.
 46678 | Bazaar   | Found Nusush's Book Shop.
 46717 | Bazaar   | Bought a pair of runed boots for 202 gold pieces
 46719 | Bazaar   | Bought a polished ring mail for 243 gold pieces
 46719 | Bazaar   | Identified the +7 ring mail "Okkedghe" {rCorr Str+2} (You
                  | bought it in a shop in a bazaar)
 46937 | Elf:2    | Found Icoebun's Assorted Antiques.
 47272 | Elf:2    | Found a huge runed translucent gate.
 47272 | Elf:2    | Found a huge runed translucent gate.
 47272 | Elf:2    | Found a huge runed translucent gate.
 47272 | Elf:2    | Found a huge runed translucent gate.
 47272 | Elf:2    | Found a huge runed translucent gate.
 47808 | Elf:3    | Entered Level 3 of the Elven Halls
 47819 | Elf:3    | Identified the +2 leather armour of the Equinox {rCorr}
 48054 | Elf:3    | Identified the amulet "Gupsiah" {Acrobat rElec rPois rC+}
 48254 | Elf:3    | Found an ancient bone altar of Kikubaaqudgha.
 48454 | Elf:3    | Got Sif Muna's Tractate on Heat and the Catacomb
 48470 | Elf:3    | Got the Octavo of Enthralling Detritus
 48475 | Elf:3    | Identified the staff of cold "Ewkigg" {rC+ Will+}
 48479 | Elf:3    | Identified the +0 dire flail of Ravage {heavy, rN+ Int+2
                  | Dex+2}
 48506 | Elf:3    | Identified the +0 ring mail "Ociez" {Stlth+}
 48510 | Elf:3    | Got the Incunabulum of Dimensional Fire
 48511 | Elf:3    | Identified the +6 dagger of Prescription {venom, rN++}
 48516 | Elf:3    | Identified the +1 scimitar of Plog {venom, *Rage rElec rN++
                  | Str+3}
 48519 | Elf:3    | Identified the +4 war axe "Mehiputt" {freeze, rPois MP-9
                  | Int+3}
 48525 | Elf:3    | Identified the staff of death "Rone" {rN+ Will+}
 48531 | Elf:3    | Identified the +11 halberd of the Unseen Realm {drain,
                  | *Slow Str+4}
 49076 | Slime:1  | Entered Level 1 of the Pits of Slime
 49472 | Slime:3  | Gained mutation: You are dopey. (Int -2) [a shining eye]
 49475 | Slime:3  | Gained mutation: You occasionally lose the ability to read
                  | scrolls when taking damage. [a shining eye]
 49527 | Slime:3  | Lost mutation: You are strong-willed. (Will+) [potion of
                  | mutation]
 49527 | Slime:3  | Lost mutation: You occasionally shout uncontrollably at
                  | your foes. [potion of mutation]
 49527 | Slime:3  | Gained mutation: You expend magic power (3 MP) to
                  | strengthen your wands. [potion of mutation]
 49527 | Slime:3  | Gained mutation: You have sharp toenails. [potion of
                  | mutation]
 49528 | Slime:3  | Lost mutation: You are dopey. (Int -2) [potion of mutation]
 49528 | Slime:3  | Lost mutation: You occasionally lose the ability to read
                  | scrolls when taking damage. [potion of mutation]
 49528 | Slime:3  | Lost mutation: You possess an exceptional clarity of mind.
                  | [potion of mutation]
 49528 | Slime:3  | Gained mutation: Your spells are a little easier to cast,
                  | but a little less powerful. [potion of mutation]
 49529 | Slime:3  | Lost mutation: You have sharp toenails. [potion of
                  | mutation]
 49529 | Slime:3  | Lost mutation: You expend magic power (3 MP) to strengthen
                  | your wands. [potion of mutation]
 49529 | Slime:3  | Lost mutation: Your spells are a little easier to cast, but
                  | a little less powerful. [potion of mutation]
 49529 | Slime:3  | Gained mutation: You have a somewhat thin skeletal
                  | structure. (Dex +2, Stealth+) [potion of mutation]
 49530 | Slime:3  | Lost mutation: You have a somewhat thin skeletal structure.
                  | (Dex +2, Stealth+) [potion of mutation]
 49530 | Slime:3  | Gained mutation: You have large cloven feet. [potion of
                  | mutation]
 49531 | Slime:3  | Lost mutation: You have large cloven feet. [potion of
                  | mutation]
 49531 | Slime:3  | Gained mutation: You are partially covered in iridescent
                  | scales. (AC +2) [potion of mutation]
 49531 | Slime:3  | Gained mutation: You expend magic power (3 MP) to
                  | strengthen your wands. [potion of mutation]
 49744 | Slime:4  | Noticed Dissolution
 49748 | Slime:4  | Gained mutation: You have hidden genetic defects. [a
                  | shining eye]
 49752 | Slime:4  | Killed Dissolution
 49777 | Slime:4  | Gained mutation: You occasionally lose the ability to drink
                  | potions when taking damage. [a shining eye]
 50246 | Slime:5  | Entered Level 5 of the Pits of Slime
 50260 | Slime:5  | Reached XP level 24. HP: 140/140 MP: 20/52
 50381 | Slime:5  | Gained mutation: Your spells are a little easier to cast,
                  | but a little less powerful. [hidden defects]
 50400 | Slime:5  | Gained mutation: You occasionally shout uncontrollably at
                  | your foes. [a shining eye]
 50414 | Slime:5  | Reached skill level 10 in Dodging
 50574 | Slime:5  | Noticed the Royal Jelly
 51124 | D:10     | Bought a potion of mutation for 248 gold pieces
 51133 | D:10     | Bought a potion of mutation for 256 gold pieces
 51256 | D:15     | Killed Leuqedgh's ghost
 51514 | Vaults:4 | Lost mutation: Your spells are a little easier to cast, but
                  | a little less powerful. [potion of mutation]
 51514 | Vaults:4 | Lost mutation: You occasionally shout uncontrollably at
                  | your foes. [potion of mutation]
 51514 | Vaults:4 | Lost mutation: You expend magic power (3 MP) to strengthen
                  | your wands. [potion of mutation]
 51514 | Vaults:4 | Gained mutation: You expend magic power (3 MP) to
                  | strengthen your wands. [potion of mutation]
 51514 | Vaults:4 | Gained mutation: You sometimes lose your temper in combat.
                  | [potion of mutation]
 51515 | Vaults:4 | Lost mutation: You have hidden genetic defects. [potion of
                  | mutation]
 51515 | Vaults:4 | Lost mutation: You expend magic power (3 MP) to strengthen
                  | your wands. [potion of mutation]
 51515 | Vaults:4 | Lost mutation: You are partially covered in iridescent
                  | scales. (AC +2) [potion of mutation]
 51515 | Vaults:4 | Gained mutation: You are weak. (Str -2) [potion of
                  | mutation]
 51515 | Vaults:4 | Gained mutation: Your spells are a little harder to cast,
                  | but a little more powerful. [potion of mutation]
 51973 | Slime:5  | Found a viscous altar of Jiyva.
 52010 | Slime:5  | Found the +9 staff of Olgreb {rPois∞}
 52088 | Slime:5  | Killed the Royal Jelly
 52213 | Slime:5  | Identified the +0 robe of the Shoals {rC- Int+5}
 52217 | Slime:5  | Got a slimy rune of Zot
 53642 | Crypt:1  | Entered Level 1 of the Crypt
 53652 | Crypt:1  | Noticed Saint Roka
 53654 | Crypt:1  | Killed Saint Roka
 53684 | Crypt:1  | Noticed Sojobo
 53688 | Crypt:1  | Killed Sojobo
 53785 | Crypt:1  | Reached skill level 10 in Necromancy
 55510 | Crypt:3  | Entered Level 3 of the Crypt
 55519 | Crypt:3  | Reached skill level 27 in Spellcasting
 55629 | Crypt:3  | Noticed an ancient lich
 55630 | Crypt:3  | Killed an ancient lich
 55635 | Crypt:3  | Reached XP level 25. HP: 110/116 MP: 52/54
 56089 | Crypt:3  | Got the Vellum of the Grave
 56093 | Crypt:3  | Found a basalt altar of Yredelemnul.
 56093 | Crypt:3  | Found an ancient bone altar of Kikubaaqudgha.
 56109 | Crypt:3  | Identified the +7 trident of Demonkind {pain, +Blink rElec
                  | Int-4 Dex+5}
 56159 | Crypt:3  | Identified the +9 hand axe of Paed {holy, *Rage rElec
                  | Will++ Stlth+}
 56162 | Crypt:3  | Identified the ring "Yleazxut" {Wiz rPois Int+7 Dex-4
                  | Stlth-}
 56163 | Crypt:3  | Identified the +3 scale mail of Repulsion {rElec}
 56240 | Crypt:3  | Found a staircase to the Tomb.
 57067 | Depths:1 | Entered Level 1 of the Depths
 57104 | Depths:1 | Found a one-way gate to the infinite horrors of the Abyss.
 57186 | Depths:1 | Found a runed translucent gate.
 57186 | Depths:1 | Found a runed translucent gate.
 57186 | Depths:1 | Found a runed translucent gate.
 57186 | Depths:1 | Noticed a dread lich
 57186 | Depths:1 | Noticed Plog's ghost (adept TrMo)
 57187 | Depths:1 | Found an ancient bone altar of Kikubaaqudgha.
 57187 | Depths:1 | Noticed Joepramp's ghost (veteran DjFE)
 57195 | Depths:1 | Killed a dread lich
 57207 | Depths:1 | HP: 5/116 [fire giant skeleton[a necromancer] (5)]
 57212 | Depths:2 | Killed Joepramp's ghost
 57565 | Depths:2 | Found a one-way gate leading to the halls of Pandemonium.
 57567 | Depths:2 | Found a gateway to Hell.
 57656 | Depths:2 | Found a sacrificial altar of Ru.
 58158 | Depths:1 | Reached skill level 10 in Armour
 58173 | Depths:1 | Killed Plog's ghost
 58208 | Depths:1 | Learned a level 2 spell: Sublimation of Blood
 58280 | Depths:1 | Found a one-way gateway to a ziggurat.
 58306 | Depths:1 | Found a blossoming altar of Fedhas.
 58386 | Depths:1 | Identified the ring of Woamaet {Wiz rN+ Int+7}
 58391 | Depths:1 | Identified the +1 pair of gloves of Free Will {rCorr Dex+2
                  | Stlth+}
 58410 | Depths:1 | Identified the +0 crystal plate armour "Inamyofa" {MP+9
                  | Str+4 Stlth+}
 58674 | Hell     | Entered the Vestibule of Hell
 58674 | Hell     | Noticed Geryon
 58687 | Hell     | Killed Geryon
 58821 | Hell     | Found a gateway to the Iron City of Dis.
 58903 | Hell     | Found a gateway to the freezing wastes of Cocytus.
 58908 | Hell     | Reached XP level 26. HP: 151/151 MP: 43/54
 59123 | Hell     | Found a gateway to the decaying netherworld of Tartarus.
 59259 | Hell     | Found a gateway to the ashen valley of Gehenna.
 59906 | Vaults:5 | Killed an ancient lich
 59913 | Vaults:5 | Noticed a dread lich
 59915 | Vaults:5 | Killed a dread lich
 60554 | Depths:3 | Found a corrupted altar of Lugonu.
 60659 | Depths:3 | Found a broken altar of Ashenzari.
 60859 | Depths:3 | Found Amuozaeb's Antique Armour Shop.
 60867 | Depths:3 | Bought a brightly glowing buckler for 408 gold pieces
 60867 | Depths:3 | Identified the +2 buckler of Mumblety Peg {Harm Will+
                  | Slay+3} (You bought it in a shop on level 3 of the Depths)
 60873 | Depths:3 | You fall into a shaft and drop 1 floor!
 60873 | Depths:4 | Entered Level 4 of the Depths
 60887 | Depths:4 | Found Powu's General Store.
 60890 | Depths:4 | Found Kiecwac's Specific Store.
 61060 | Depths:4 | Found a gate to the Realm of Zot.
 61130 | Depths:4 | Got Sif Muna's Parchment of Impurities and Despicable Rites
 61181 | Depths:4 | Reached skill level 15 in Necromancy
 62077 | Depths:3 | Reached skill level 27 in Earth Magic
 62174 | Depths:3 | Identified the +7 shortbow of Zemno {flame, Int+2}
 62361 | Depths:3 | Identified the +1 leather armour "Koragum" {Str+3}
 62591 | Depths:3 | Voluntarily entered the Abyss.
 62598 | Abyss:1  | Found a corrupted altar of Lugonu.
 62620 | Abyss:1  | Found a corrupted altar of Lugonu.
 62933 | Abyss:2  | Noticed an ancient lich
 62936 | Abyss:2  | Killed an ancient lich
 62937 | Abyss:2  | Reached skill level 15 in Dodging
 63069 | Abyss:2  | Found a corrupted altar of Lugonu.
 63314 | Abyss:3  | Reached XP level 27. HP: 114/156 MP: 54/54
 63419 | Abyss:3  | Gained mutation: You are vulnerable to heat. (rF-) [a
                  | neqoxec]
 63441 | Abyss:3  | Found a corrupted altar of Lugonu.
 63636 | Abyss:3  | Gained mutation: Your magical capacity is low. (-10% MP) [a
                  | neqoxec]
 63793 | Abyss:3  | Found a corrupted altar of Lugonu.
 63795 | Abyss:3  | Found a corrupted altar of Lugonu.
 64142 | Abyss:3  | Noticed a dread lich
 64144 | Abyss:3  | Killed a dread lich
 64425 | Abyss:5  | Found a corrupted altar of Lugonu.
 64444 | Abyss:5  | Found a corrupted altar of Lugonu.
 64449 | Abyss:5  | Got an abyssal rune of Zot
 64465 | Depths:3 | Escaped the Abyss
 64509 | Depths:3 | Lost mutation: Your magical capacity is low. (-10% MP)
                  | [potion of mutation]
 64509 | Depths:3 | Lost mutation: You occasionally lose the ability to drink
                  | potions when taking damage. [potion of mutation]
 64509 | Depths:3 | Gained mutation: You are partially covered in iridescent
                  | scales. (AC +2) [potion of mutation]
 64510 | Depths:3 | Lost mutation: You sometimes lose your temper in combat.
                  | [potion of mutation]
 64510 | Depths:3 | Lost mutation: You are partially covered in iridescent
                  | scales. (AC +2) [potion of mutation]
 64510 | Depths:3 | Gained mutation: You are strong-willed. (Will+) [potion of
                  | mutation]
 64510 | Depths:3 | Gained mutation: You sometimes lose your temper in combat.
                  | [potion of mutation]
 64510 | Depths:3 | Gained mutation: You are highly strong-willed. (Will++)
                  | [potion of mutation]
 64511 | Depths:3 | Lost mutation: You are vulnerable to heat. (rF-) [potion of
                  | mutation]
 64511 | Depths:3 | Lost mutation: You are highly strong-willed. (Will++)
                  | [potion of mutation]
 64511 | Depths:3 | Gained mutation: You are partially covered in iridescent
                  | scales. (AC +2) [potion of mutation]
 64511 | Depths:3 | Lost mutation: You are strong-willed. (Will+) [potion of
                  | mutation]
 64511 | Depths:3 | Gained mutation: You are agile. (Dex +4, Str/Int -1)
                  | [potion of mutation]
 64867 | Vaults:5 | Found Viliapn's Magic Scroll Shoppe.
 64872 | Vaults:5 | Noticed an ancient lich
 64875 | Vaults:5 | Killed an ancient lich
 65207 | Zot:1    | Entered Level 1 of the Realm of Zot
 65970 | Zot:2    | Noticed Lioda's ghost (legendary MiBe)
 65982 | Zot:2    | Killed Lioda's ghost
 65983 | Zot:2    | Found a shimmering altar of Xom.
 66010 | Zot:2    | Identified the +9 whip of Utsotikk {drain, Dex+5}
 66025 | Zot:2    | Noticed an orb of fire
 66031 | Zot:2    | Killed an orb of fire
 67511 | Zot:4    | Reached skill level 1 in Fighting
 68302 | Zot:5    | Entered Level 5 of the Realm of Zot
 68478 | Zot:5    | Identified the +2 ring mail of Dafiarhe {Stlth+}
 68625 | Zot:5    | Noticed a dread lich
 68626 | Zot:5    | Killed a dread lich
 68626 | Zot:5    | Noticed an ancient lich
 68628 | Zot:5    | Killed an ancient lich
 68628 | Zot:5    | Noticed an orb of fire
 68631 | Zot:5    | Killed an orb of fire
 68631 | Zot:5    | Noticed a dread lich
 68633 | Zot:5    | Killed a dread lich
 68881 | Zot:5    | Noticed an orb of fire
 68885 | Zot:5    | Killed an orb of fire
 68900 | Zot:5    | Noticed an ancient lich
 68901 | Zot:5    | Noticed an ancient lich
 68902 | Zot:5    | Killed an ancient lich
 68905 | Zot:5    | Killed an ancient lich
 69070 | Zot:5    | Noticed an ancient lich
 69072 | Zot:5    | Killed an ancient lich
 69121 | Zot:5    | Reached skill level 1 in Hexes
 69137 | Zot:5    | Reached skill level 5 in Hexes
 69158 | Zot:5    | Noticed a dread lich
 69160 | Zot:5    | Killed a dread lich
 69339 | Zot:5    | Reached skill level 10 in Hexes
 69884 | Tomb:1   | Entered Level 1 of the Tomb of the Ancients
 69964 | Tomb:1   | Noticed a royal mummy
 69966 | Tomb:1   | Killed a royal mummy
 69973 | Tomb:1   | Noticed a royal mummy
 69976 | Tomb:1   | Killed a royal mummy
 69980 | Tomb:1   | Noticed a royal mummy
 69985 | Tomb:1   | Killed a royal mummy
 69989 | Tomb:1   | Noticed a royal mummy
 69992 | Tomb:1   | Noticed a royal mummy
 69994 | Tomb:1   | Killed a royal mummy
 69994 | Tomb:1   | Killed a royal mummy
 69994 | Tomb:1   | Noticed a royal mummy
 69998 | Tomb:1   | Killed a royal mummy
 69998 | Tomb:1   | Noticed a royal mummy
 69998 | Tomb:1   | Noticed a royal mummy
 70005 | Tomb:1   | Killed a royal mummy
 70005 | Tomb:1   | Killed a royal mummy
 70275 | Tomb:1   | Reached skill level 15 in Hexes
 70283 | Tomb:1   | Noticed a royal mummy
 70286 | Tomb:1   | Killed a royal mummy
 70289 | Tomb:1   | Noticed a royal mummy
 70292 | Tomb:1   | Killed a royal mummy
 70329 | Tomb:1   | Noticed a royal mummy
 70332 | Tomb:1   | Killed a royal mummy
 70354 | Tomb:1   | Noticed a royal mummy
 70358 | Tomb:1   | Killed a royal mummy
 70371 | Tomb:1   | Learned a level 8 spell: Discord
 70652 | Tomb:1   | Noticed a royal mummy
 70654 | Tomb:1   | Noticed a royal mummy
 70655 | Tomb:1   | Killed a royal mummy
 70656 | Tomb:1   | Noticed a royal mummy
 70657 | Tomb:1   | Noticed a royal mummy
 70658 | Tomb:1   | Killed a royal mummy
 70659 | Tomb:1   | Killed a royal mummy
 70660 | Tomb:1   | Killed a royal mummy
 70719 | Tomb:1   | Noticed a royal mummy
 70725 | Tomb:1   | Killed a royal mummy
 70882 | Tomb:1   | Noticed a royal mummy
 70885 | Tomb:1   | Killed a royal mummy
 70900 | Tomb:1   | Noticed a royal mummy
 70903 | Tomb:1   | Killed a royal mummy
 70903 | Tomb:1   | Noticed a royal mummy
 70905 | Tomb:1   | Killed a royal mummy
 70905 | Tomb:1   | Noticed a royal mummy
 70907 | Tomb:1   | Killed a royal mummy
 71002 | Tomb:1   | Noticed a royal mummy
 71005 | Tomb:1   | Killed a royal mummy
 71059 | Tomb:1   | Noticed a royal mummy
 71062 | Tomb:1   | Killed a royal mummy
 71786 | Tomb:2   | Noticed a royal mummy
 71788 | Tomb:2   | Killed a royal mummy
 71788 | Tomb:2   | Noticed a royal mummy
 71792 | Tomb:2   | Killed a royal mummy
 71796 | Tomb:2   | Noticed a royal mummy
 71797 | Tomb:2   | Noticed a royal mummy
 71800 | Tomb:2   | Killed a royal mummy
 71800 | Tomb:2   | Killed a royal mummy
 72252 | Tomb:3   | Entered Level 3 of the Tomb of the Ancients
 72267 | Tomb:3   | Noticed a royal mummy
 72272 | Tomb:3   | Killed a royal mummy
 72286 | Tomb:3   | Noticed a royal mummy
 72286 | Tomb:3   | Noticed a royal mummy
 72288 | Tomb:3   | Killed a royal mummy
 72288 | Tomb:3   | Noticed a royal mummy
 72289 | Tomb:3   | Killed a royal mummy
 72290 | Tomb:3   | Killed a royal mummy
 72294 | Tomb:3   | Noticed a royal mummy
 72301 | Tomb:3   | Killed a royal mummy
 72511 | Tomb:3   | Noticed a royal mummy
 72515 | Tomb:3   | Killed a royal mummy
 72566 | Tomb:3   | Noticed a royal mummy
 72573 | Tomb:3   | Killed a royal mummy
 72578 | Tomb:3   | Noticed Khufu
 72583 | Tomb:3   | Killed Khufu
 72635 | Tomb:3   | Identified the +0 robe "Neil" {Rampage rC+ Str+3 Int+2}
 72638 | Tomb:3   | Identified the +0 plate armour "Ucuvos" {Str+7}
 72639 | Tomb:3   | Identified the ring "Qiufosot" {rElec rPois rF+ Stlth+}
 72644 | Tomb:3   | Identified the +6 dagger of the Red God {speed, *Rage
                  | *Noise rElec Str+4}
 72663 | Tomb:3   | Identified the +12 crystal plate armour of Jesuiz {rF- rC+
                  | Stlth+}
 72668 | Tomb:3   | Identified the +0 rapier "Uddireyr" {heavy, rC+ Int+2}
 72669 | Tomb:3   | Identified the ring "Uhipp" {rF+ rN+ MP+9}
 72683 | Tomb:3   | Identified the +7 morningstar "Hydrabane" {freeze, rN+
                  | Will- Int+5}
 72684 | Tomb:3   | Identified the +2 plate armour "Ogeyxkud" {Int+3}
 72763 | Tomb:3   | Noticed a royal mummy
 72767 | Tomb:3   | Killed a royal mummy
 72805 | Tomb:3   | Got Sif Muna's Teachings on the Winter and the Retinue
 72899 | Tomb:3   | Got a golden rune of Zot
 73135 | Vaults:5 | Found Pibbore's Distillery.
 73136 | Vaults:5 | Found Otin's Magic Scroll Boutique.
 73160 | Vaults:5 | Bought a scroll of teleportation for 63 gold pieces
 73160 | Vaults:5 | Bought a scroll of fear for 84 gold pieces
 73163 | Vaults:5 | Found Huj Weug's Magic Scroll Emporium.
 73178 | Vaults:5 | Got a silver rune of Zot
 73210 | Vaults:5 | Found Xiutelod's Magic Scroll Shop.
 73217 | Vaults:5 | Bought 2 scrolls of blinking for 285 gold pieces
 73217 | Vaults:5 | Bought a scroll of blinking for 142 gold pieces
 73217 | Vaults:5 | Bought a scroll of blinking for 142 gold pieces
 73223 | Vaults:5 | Found Kodygg's Magic Scroll Shoppe.
 73362 | Vaults:5 | Reached skill level 5 in Fighting
 73493 | Vaults:5 | Reached skill level 27 in Hexes
 73497 | Vaults:5 | Reached skill level 15 in Armour
 73497 | Vaults:5 | Reached skill level 15 in Conjurations
 73508 | Vaults:5 | Found Wexaot's Distillery.
 73511 | Vaults:5 | Bought a scroll of acquirement for 780 gold pieces
 73511 | Vaults:5 | Acquired 879 gold pieces
 73538 | Vaults:5 | Found Ekugoc's Distillery.
 73542 | Vaults:5 | Bought a potion of mutation for 112 gold pieces
 73542 | Vaults:5 | Bought 2 potions of magic for 224 gold pieces
 73549 | Vaults:5 | Bought a scroll of fear for 72 gold pieces
 73549 | Vaults:5 | Bought a scroll of summoning for 171 gold pieces
 73549 | Vaults:5 | Bought a scroll of teleportation for 54 gold pieces
 73549 | Vaults:5 | Bought a scroll of teleportation for 54 gold pieces
 73630 | Vaults:5 | Identified the +5 arbalest "Yggis" {freeze, Str+6}
 73813 | Vaults:5 | Identified the staff of cold "Xaocenk" {rC+ rN+ Str+3}
 73984 | Vaults:5 | Identified the +8 sling of Prudence {freeze, Will+}
 74055 | Vaults:5 | Bought a potion of haste for 160 gold pieces
 74069 | Vaults:5 | Bought a potion of invisibility for 136 gold pieces
 74069 | Vaults:5 | Bought a potion of magic for 136 gold pieces
 74069 | Vaults:5 | Bought a potion of haste for 170 gold pieces
 74078 | Vaults:5 | Bought a scroll of teleportation for 36 gold pieces
 74078 | Vaults:5 | Bought a scroll of teleportation for 36 gold pieces
 74078 | Vaults:5 | Bought a scroll of summoning for 114 gold pieces
 74078 | Vaults:5 | Bought a scroll of summoning for 114 gold pieces
 74729 | Geh:1    | Entered Level 1 of Gehenna
 74798 | Geh:1    | Noticed an ancient lich
 74800 | Geh:1    | Killed an ancient lich
 75425 | Dis:1    | Entered Level 1 of the Iron City of Dis
 75483 | Dis:1    | You fall into a shaft and drop 1 floor!
 75486 | Dis:2    | Noticed a juggernaut
 75487 | Dis:2    | Noticed a juggernaut
 75489 | Dis:2    | Killed a juggernaut
 75490 | Dis:2    | Killed a juggernaut
 75494 | Dis:2    | Noticed a juggernaut
 75496 | Dis:2    | Killed a juggernaut
 75643 | Dis:4    | Noticed a dread lich
 75644 | Dis:4    | Killed a dread lich
 75735 | Dis:5    | Reached skill level 10 in Fighting
 76107 | Dis:7    | Entered Level 7 of the Iron City of Dis
 76324 | Dis:7    | Noticed a juggernaut
 76326 | Dis:7    | Killed a juggernaut
 77107 | Dis:7    | Noticed a juggernaut
 77109 | Dis:7    | Killed a juggernaut
 77155 | Dis:7    | Identified the ring "Xiyntary" {+Blink rN+ Will+ Int-3}
 77155 | Dis:7    | Noticed Dispater
 77165 | Dis:7    | Killed Dispater
 77235 | Dis:7    | Got an iron rune of Zot
 77506 | Dis:7    | Identified the staff of poison "Xejim" {rPois rF+}
 77520 | Dis:7    | Acquired 450 gold pieces
 77526 | Dis:7    | Identified the staff of earth "Pasodofry" {Stlth+}
 78331 | Zig:1    | Entered Level 1 of a ziggurat
 78355 | Zig:2    | Entered Level 2 of a ziggurat
 78372 | Zig:3    | Entered Level 3 of a ziggurat
 78393 | Zig:4    | Entered Level 4 of a ziggurat
 78408 | Zig:4    | Identified the +1 sling "Suozatig" {freeze, Fly rElec
                  | Dex-2}
 78413 | Zig:5    | Entered Level 5 of a ziggurat
 78416 | Zig:5    | Noticed Ihium's ghost (legendary GrEE)
 78422 | Zig:5    | Killed Ihium's ghost
 78443 | Zig:5    | Identified the staff of air "Xenatole" {rElec rPois}
 78457 | Zig:6    | Entered Level 6 of a ziggurat
 78498 | Zig:6    | Identified the ring of Judid {rElec rC+ Int+7 Dex-2 Stlth+}
 78515 | Zig:7    | Entered Level 7 of a ziggurat
 78524 | Zig:7    | Noticed a juggernaut
 78525 | Zig:7    | Noticed a juggernaut
 78527 | Zig:7    | Killed a juggernaut
 78528 | Zig:7    | Killed a juggernaut
 78562 | Zig:8    | Entered Level 8 of a ziggurat
 78572 | Zig:8    | Noticed an ancient lich
 78573 | Zig:8    | Noticed a dread lich
 78574 | Zig:8    | Killed an ancient lich
 78574 | Zig:8    | Killed a dread lich
 78578 | Zig:8    | Found the +8 longbow "Zephyr" {speed, Dex+3 SInv}
 78595 | Zig:8    | Identified the staff of conjuration "Vulobuyh" {Fragile
                  | rPois rF+++ Stlth+}
 78606 | Zig:8    | Identified the +10 hand axe of Wanon {flame, rPois Str+3
                  | Dex-4 SInv}
 78632 | Zig:9    | Entered Level 9 of a ziggurat
 78706 | Zig:9    | Identified the +1 buckler of Lifelessness {rF+ rN+}
 78713 | Zig:9    | Identified the +8 hand axe "Zaor" {freeze, Contam rElec
                  | rN+++ Stlth+}
 78753 | Zig:10   | Entered Level 10 of a ziggurat
 78838 | Zig:10   | Identified the staff of earth "Iraggeni" {Int+2 Dex+2}
 78849 | Zig:10   | Got Gaat's Catalogue of Lamentation
 78973 | Zig:11   | Entered Level 11 of a ziggurat
 79003 | Zig:11   | Identified the ring "Myph" {rElec rPois rC- AC+4}
 79006 | Zig:11   | Identified the staff of air "Niop" {Fragile rElec rPois
                  | rC++ Int+2}
 79042 | Zig:12   | Entered Level 12 of a ziggurat
 79065 | Zig:12   | Noticed a juggernaut
 79070 | Zig:12   | Killed a juggernaut
 79131 | Zig:12   | Identified the +7 dagger of Doomed Judgement {freeze, rC+}
 79136 | Zig:13   | Entered Level 13 of a ziggurat
 79248 | Zig:13   | Identified the staff of cold "Fadaqe Siduc" {rF++ rC+}
 79276 | Zig:14   | Entered Level 14 of a ziggurat
 79379 | Zig:14   | Identified the staff of conjuration "Waoxt" {Fragile rF+++
                  | Int+4 Dex+3}
 79392 | Zig:14   | Identified the +4 whip of Okawaru, Howling {pain, Drain rN+
                  | Int+2 Stlth+}
 79398 | Zig:14   | Identified the +9 broad axe of Somewhere Else {speed,
                  | Contam Str-5 Dex+9}
 79443 | Zig:15   | Entered Level 15 of a ziggurat
 79458 | Zig:15   | Reached skill level 1 in Translocations
 79459 | Zig:15   | Noticed Caask the pandemonium lord
 79466 | Zig:15   | Killed Caask the pandemonium lord
 79537 | Zig:15   | Identified the +0 robe "Fuompuim" {rElec rN+ Int+2}
 79562 | Zig:16   | Entered Level 16 of a ziggurat
 79584 | Zig:16   | Noticed Jumitarr the pandemonium lord
 79588 | Zig:16   | Killed Jumitarr the pandemonium lord
 79590 | Zig:16   | Gained mutation: Your body sometimes deteriorates upon
                  | taking damage. [a cacodemon]
 79701 | Zig:16   | Identified the +6 broad axe "Suisej" {venom, rElec rF+
                  | Int+3}
 79702 | Zig:16   | Identified the +6 plate armour of Hepliaklqana, Stopping
                  | {Dex+2}
 79711 | Zig:16   | Identified the +2 flail "Xom's Malicious Joy" {venom, MP+9
                  | Dex+3 Stlth+}
 79750 | Zig:17   | Entered Level 17 of a ziggurat
 79780 | Zig:17   | Noticed a dread lich
 79782 | Zig:17   | Paralysed by a dread lich for 3 turns
 79785 | Zig:17   | Killed a dread lich
 79786 | Zig:17   | Noticed an ancient lich
 79788 | Zig:17   | Killed an ancient lich
 79845 | Zig:17   | Identified the ring of Yredelemnul's Hatred {rElec rPois
                  | rF+ rC+ Stlth-}
 79852 | Zig:17   | Identified the +6 spear "Met Poq" {heavy, rElec}
 79860 | Zig:17   | Identified the +9 long sword of Bodily Humours {flame,
                  | *Noise rN+ Str+5}
 79909 | Zig:18   | Entered Level 18 of a ziggurat
 79943 | Zig:18   | Reached skill level 5 in Translocations
 79963 | Zig:18   | Identified the staff of earth "Avuic" {Fly Int+3}
 79972 | Zig:18   | Identified the +10 glaive of Amunkaes {chaos, Str-2 Dex+4}
 80034 | Zig:19   | Entered Level 19 of a ziggurat
 80087 | Zig:19   | Found the +8 Wrath of Trog {antimagic, *Rage Rampage}
 80095 | Zig:19   | Identified the ring of Momeaq {rElec rF+ rCorr Int+4 Dex-4}
 80098 | Zig:19   | Identified the ring "Tylaifik" {rElec rN+ Int+6 Dex+3}
 80109 | Zig:19   | Identified the staff of conjuration "Sassea" {Drain rN+++
                  | Will+ Dex-2}
 80148 | Zig:19   | Acquired 997 gold pieces
 80150 | Zig:19   | Acquired 662 gold pieces
 80152 | Zig:19   | Acquired 900 gold pieces
 80165 | Zig:19   | Identified the +3 sling "Agged" {freeze, SInv}
 80217 | Zig:20   | Entered Level 20 of a ziggurat
 80258 | Zig:20   | Reached skill level 15 in Fighting
 80274 | Zig:20   | Found the +8 demon blade "Leech" {evervamp, Harm Drain rN+}
 80278 | Zig:20   | Found the +8 storm bow {elec, penet}
 80280 | Zig:20   | Found the +7 Spriggan's Knife {stab, EV+4 Stlth+}
 80397 | Zig:21   | Entered Level 21 of a ziggurat
 80525 | Zig:21   | Found the +5 glaive of the Guard {elec, spectral, AC+5}
 80556 | Zig:21   | Identified the +0 pair of gloves "Qifir" {Rampage Will+}
 80560 | Zig:21   | Identified the +2 dire flail "Maudok" {flame, *Rage Will+
                  | Dex+2}
 80594 | Zig:21   | Identified the staff of earth "Ehoth" {Fly Stlth+}
 80607 | Zig:21   | Identified the staff of poison "Sini" {rElec rPois rF++
                  | rCorr Str-2}
 80720 | Zig:22   | Entered Level 22 of a ziggurat
 80742 | Zig:22   | Noticed an orb of fire
 80746 | Zig:22   | Gained mutation: You are frail. (-10% HP) [an orb of fire]
 80748 | Zig:22   | Killed an orb of fire
 80748 | Zig:22   | Noticed an orb of fire
 80758 | Zig:22   | Killed an orb of fire
 80770 | Zig:22   | Noticed an orb of fire
 80772 | Zig:22   | Noticed an orb of fire
 80773 | Zig:22   | Noticed an orb of fire
 80774 | Zig:22   | Gained mutation: You occasionally lose the ability to read
                  | scrolls when taking damage. [an orb of fire]
 80777 | Zig:22   | Gained mutation: Your skin changes colour to match your
                  | surroundings (Stealth+). [an orb of fire]
 80820 | Zig:22   | Killed an orb of fire
 80835 | Zig:22   | Killed an orb of fire
 80838 | Zig:22   | Noticed an orb of fire
 80844 | Zig:22   | Killed an orb of fire
 80845 | Zig:22   | Lost mutation: Your spells are a little harder to cast, but
                  | a little more powerful. [an orb of fire]
 80851 | Zig:22   | Killed an orb of fire
 80951 | Zig:22   | Identified the +2 halberd of Valour {drain, Drain rN+
                  | Int+2}
 80952 | Zig:22   | Identified the staff of earth "Oroack" {Will+ rCorr}
 80953 | Zig:22   | Identified the ring of the Disturbing Planets {rElec rN+
                  | MP+9 Int+6 Dex+3}
 80980 | Zig:22   | Identified the amulet "Caefal" {Reflect rElec SH+5}
 80991 | Zig:22   | Identified the +6 scimitar of Defiance {drain, rPois rF+}
 81025 | Zig:22   | Lost mutation: You are agile. (Dex +4, Str/Int -1) [potion
                  | of mutation]
 81025 | Zig:22   | Lost mutation: You occasionally lose the ability to read
                  | scrolls when taking damage. [potion of mutation]
 81025 | Zig:22   | Gained mutation: Your body often deteriorates upon taking
                  | damage. [potion of mutation]
 81025 | Zig:22   | Lost mutation: You are weak. (Str -2) [potion of mutation]
 81025 | Zig:22   | Gained mutation: Your movements are slightly less
                  | encumbered by armour. (ER -2) [potion of mutation]
 81026 | Zig:22   | Lost mutation: You are partially covered in iridescent
                  | scales. (AC +2) [potion of mutation]
 81026 | Zig:22   | Lost mutation: Your skin changes colour to match your
                  | surroundings (Stealth+). [potion of mutation]
 81026 | Zig:22   | Gained mutation: You occasionally lose the ability to drink
                  | potions when taking damage. [potion of mutation]
 81026 | Zig:22   | Gained mutation: You are partially covered in iridescent
                  | scales. (AC +2) [potion of mutation]
 81027 | Zig:22   | Lost mutation: You occasionally lose the ability to drink
                  | potions when taking damage. [potion of mutation]
 81027 | Zig:22   | Lost mutation: Your body often deteriorates upon taking
                  | damage. [potion of mutation]
 81027 | Zig:22   | Lost mutation: Your body sometimes deteriorates upon taking
                  | damage. [potion of mutation]
 81027 | Zig:22   | Gained mutation: Your spells are a little easier to cast,
                  | but a little less powerful. [potion of mutation]
 81028 | Zig:22   | Lost mutation: You sometimes lose your temper in combat.
                  | [potion of mutation]
 81028 | Zig:22   | Lost mutation: You are frail. (-10% HP) [potion of
                  | mutation]
 81028 | Zig:22   | Lost mutation: Your movements are slightly less encumbered
                  | by armour. (ER -2) [potion of mutation]
 81028 | Zig:22   | Gained mutation: You are mostly covered in iridescent
                  | scales. (AC +4) [potion of mutation]
 81028 | Zig:22   | Gained mutation: You are completely covered in iridescent
                  | scales. (AC +6) [potion of mutation]
 81029 | Zig:22   | Lost mutation: Your spells are a little easier to cast, but
                  | a little less powerful. [potion of mutation]
 81029 | Zig:22   | Lost mutation: You are completely covered in iridescent
                  | scales. (AC +6) [potion of mutation]
 81029 | Zig:22   | Lost mutation: You are mostly covered in iridescent scales.
                  | (AC +4) [potion of mutation]
 81029 | Zig:22   | Gained mutation: You are covered in fur. (AC +1) [potion of
                  | mutation]
 81030 | Zig:22   | Lost mutation: You are partially covered in iridescent
                  | scales. (AC +2) [potion of mutation]
 81030 | Zig:22   | Lost mutation: You are covered in fur. (AC +1) [potion of
                  | mutation]
 81030 | Zig:22   | Gained mutation: You occasionally shout uncontrollably at
                  | your foes. [potion of mutation]
 81030 | Zig:22   | Gained mutation: You are covered in fur. (AC +1) [potion of
                  | mutation]
 81030 | Zig:22   | Gained mutation: Your spells are a little harder to cast,
                  | but a little more powerful. [potion of mutation]
 81064 | Zig:23   | Entered Level 23 of a ziggurat
 81251 | Zig:23   | Identified the amulet of Ykigud {Faith rN+ Str+2 Int+9
                  | Dex-3}
 81268 | Zig:23   | Identified the +4 ring mail of the World {Dex+2}
 81272 | Zig:23   | Identified the +0 scale mail of Yteoli Icij {rPois Will-
                  | Dex+7}
 81277 | Zig:23   | Identified the +8 trident of Exoneration {heavy, rC+}
 81381 | Zig:24   | Entered Level 24 of a ziggurat
 81443 | Zig:24   | Noticed an ancient lich
 81445 | Zig:24   | Killed an ancient lich
 81464 | Zig:24   | Noticed a dread lich
 81468 | Zig:24   | Killed a dread lich
 81630 | Zig:24   | Identified the ring "Viocuj" {Fly rElec rC++ Str+3 Int-3}
 81637 | Zig:24   | Identified the +3 dagger of Ilahic {spect, *Corrode rN++
                  | Will+}
 81645 | Zig:24   | Identified the staff of fire "Iqees" {rPois rF+}
 81660 | Zig:24   | Identified the +12 ice dragon scales "Ijucraw" {rF- rC++
                  | Dex+2}
 81734 | Zig:25   | Entered Level 25 of a ziggurat
 81988 | Zig:25   | Identified the +4 shortbow of the Big Bang {flame, Drain
                  | Fly rPois Int+5}
 81992 | Zig:25   | Identified the ring "Ruothum" {rElec rF- rC+ rN++ Int+3}
 82007 | Zig:25   | Identified the staff of cold "Tuxologaig" {Fragile rPois
                  | rC+ Will+++ Stlth+}
 82024 | Zig:25   | Identified the +0 falchion of Eternal War {flame, Will+}
 82105 | Zig:25   | Reached skill level 10 in Translocations
 82107 | Zig:26   | Entered Level 26 of a ziggurat
 82125 | Zig:26   | Noticed a juggernaut
 82128 | Zig:26   | Noticed a juggernaut
 82129 | Zig:26   | Killed a juggernaut
 82131 | Zig:26   | Killed a juggernaut
 82131 | Zig:26   | Noticed a juggernaut
 82143 | Zig:26   | Killed a juggernaut
 82176 | Zig:26   | Noticed a juggernaut
 82176 | Zig:26   | Noticed a juggernaut
 82179 | Zig:26   | Killed a juggernaut
 82179 | Zig:26   | Noticed a juggernaut
 82179 | Zig:26   | Noticed a juggernaut
 82181 | Zig:26   | Killed a juggernaut
 82184 | Zig:26   | Killed a juggernaut
 82188 | Zig:26   | Noticed a juggernaut
 82189 | Zig:26   | Noticed a juggernaut
 82190 | Zig:26   | Killed a juggernaut
 82192 | Zig:26   | Killed a juggernaut
 82193 | Zig:26   | Noticed a juggernaut
 82194 | Zig:26   | Killed a juggernaut
 82228 | Zig:26   | Identified the +0 great sword "Neck" {heavy, Str+2 Int+4
                  | Dex+3}
 82233 | Zig:26   | Identified the +10 falchion of the Endless Expanse {freeze,
                  | Contam rPois Str+5}
 82248 | Zig:26   | Killed a juggernaut
 82290 | Zig:26   | Noticed a juggernaut
 82292 | Zig:26   | Killed a juggernaut
 82293 | Zig:26   | Reached skill level 27 in Dodging
 82361 | Zig:26   | Identified the +11 great mace of Salt {venom, Str+3 Int+5
                  | SInv}
 82372 | Zig:26   | Identified the +7 sling of Inkob {flame, rElec Int+2
                  | Stlth+}
 82381 | Zig:26   | Identified the +7 flail "Embalmer" {vamp, *Slow rF+++
                  | Int+3}
 82532 | Zig:27   | Entered Level 27 of a ziggurat
 82545 | Zig:27   | Noticed Ryelybyh the pandemonium lord
 82552 | Zig:27   | Slain by Ryelybyh the pandemonium lord

Illustrated notes

Levels and vault maps discovered:
D:1:      lemuel_arrival_tunnels, layout_loops_ring, serial_shops,
          nicolae_shop_statue_plus, serial_bayou_pond_d, minmay_hexomino_r4
D:2:      layout_basic, shapermc_ecumenical_altar_ellora, uniq_robin
D:3:      layout_basic, mainiacjoe_overflow_paths, amcnicky_altar_gilded,
          ebering_ghost_reflecting_pool, portal_sewer_entry_e,
          grunt_decor_arrowhead, minmay_misc_feat_pillars,
          minmay_misc_feat_hallway, st_stairs_2, serial_bayou_pond_d,
          minmay_between
D:4:      layout_loops_corners, mainiacjoe_overflow_alcove_2,
          nicolae_uskayaw_suspiria, minmay_temple_entry_overgrown,
          nicolae_wormholes
D:5:      nicolae_cairo_tiling, layout_basic, mainiacjoe_overflow_brackets,
          mainiacjoe_overflow_small_starburst, nicolae_wu_jian_glorious_leap
D:6:      cheibrodos_helix_gallery, layout_loops_ring, kennysheep_crisscross,
          st_stairs_14
D:7:      layout_loops_ring, lemuel_round_altar,
          mainiacjoe_overflow_catwalk_spiral, minmay_misc_feat_plants,
          nicolae_elevator_lobby_asterisk
D:8:      layout_rooms, zin_treasury, slow_altar_2, dpeg_oklobed_lair
D:9:      layout_basic, serial_ice, serial_ice_a, serial_ice_j, serial_ice_n,
          serial_ice_o, kennysheep_minor_cross
D:10:     layout_rooms, trog_butcher_becter, serial_shops,
          nicolae_shop_advertising_works [nicolae_subvault_shop_adworks], shop,
          shop, nicolae_shop_waterfront, uniq_maurice
D:11:     layout_stronghold, david_orc_4
D:12:     layout_roguey, reono_crystal_passage
D:13:     minmay_the_grid_triangle_9x9_rhombus_full_mashed
          [minmay_the_grid_triangle_9x9_steps,
          minmay_the_grid_triangle_9x9_stretched_checkered,
          minmay_the_grid_triangle_9x9_odd_lines,
          minmay_the_grid_triangle_9x9_wacky_v,
          minmay_the_grid_triangle_9x9_tough_junction,
          minmay_the_grid_triangle_9x9_semitri,
          minmay_the_grid_triangle_9x9_pentomino_pain,
          minmay_the_grid_triangle_9x9_prize_top_heavy], layout_stronghold,
          david_vaults_4, nicolae_dithmenos_shadow_blocks
D:14:     layout_small_grid, hangedman_abyss_or_decor_passed
D:15:     gammafunk_enter_depths_forms, layout_rooms, nicolae_benzene_ring,
          gammafunk_ghost_wrathful_warriors, portal_ice_cave_entry_pillars_1
Temple:   corrupted_temple
Lair:1:   layout_chaotic_city, nicolae_volcano_entry_s_turn
Lair:2:   layout_cave_pods, ebering_ghost_funeral_grove, lemuel_fruit_tree,
          grunt_megastairs_1
Lair:3:   layout_roguey, swamp_mist, spider_nest_entry_funnel_web, st_stairs_7,
          beast_lair_carwin_11, uniq_kirke, uniq_snorg
Lair:4:   beast_lair_carwin_large_3, layout_cave_pods, lemuel_fruit_fields
Lair:5:   cheibrodos_lair_end_hotspot, layout_misc_corridors,
          nicolae_slime_entry_field_trip, st_stairs_9
Swamp:1:  layout_basic_swamp, evilmike_swamp_ruin_rubble_2, swamp_pool5,
          infiniplex_staircase_pool, uniq_roxanne
Swamp:2:  layout_basic_swamp, nicolae_swamp_well_well_well,
          infiniplex_staircase_pool_2
Swamp:3:  layout_falls_marsh, nicolae_swamp_little_tower, swamp_pool3,
          nicolae_swamp_wisp_ring_woods
Swamp:4:  swamp, layout_basic_swamp, nicolae_swamp_dense_foliage
Spider:1: nicolae_spider_hilbert_zone_3 [nicolae_spider_hilbert_4_sides_2_open,
          nicolae_spider_hilbert_3_sides_1_open,
          nicolae_spider_hilbert_3_sides_1_open,
          nicolae_spider_hilbert_3_sides_1_open,
          nicolae_spider_hilbert_3_sides_1_open,
          nicolae_spider_hilbert_4_sides_1_open,
          nicolae_spider_hilbert_4_sides_1_open,
          nicolae_spider_hilbert_4_sides_1_open,
          nicolae_spider_hilbert_4_sides_1_open,
          nicolae_spider_hilbert_4_sides_1_open,
          nicolae_spider_hilbert_4_sides_1_open,
          nicolae_spider_hilbert_4_sides_1_open,
          nicolae_spider_hilbert_4_sides_1_open,
          nicolae_spider_hilbert_3_sides_1_open,
          nicolae_spider_hilbert_3_sides_1_open,
          nicolae_spider_hilbert_3_sides_1_open,
          nicolae_spider_hilbert_3_sides_1_open]
Spider:2: layout_spider_delve, drop_trap, nicolae_arachne_temple
Spider:3: layout_spider_delve
Spider:4: hellmonk_spider_rune_endless_swarm, nicolae_orb_island, uniq_arachne,
          uniq_nikola
Slime:1:  layout_caves
Slime:2:  layout_caves
Slime:3:  layout_caves
Slime:4:  layout_caves, dissolution_awaits
Slime:5
Orc:1:    layout_diamond_mine, serial_shops, shop
Orc:2:    st_orc_town, layout_caves, gauntlet_entry_generic,
          minmay_orc_treasury, uniq_azrael
Elf:1:    layout_onion_city, serial_shops, bzr_entry_water, basic_altar,
          gammafunk_ghost_berserking_beasts, orc_legates
Elf:2:    elven_hall_of_blades_hangedman_alternative
          [nooodl_blade_entry_preview], layout_geoelf_octagon, serial_shops,
          shop
Elf:3:    minmay_elf_hall_quartered_circle, layout_loops_cross, basic_altar
Vaults:1: ontoclasm_vaults_shout, v_rooms_6, v_pattern_3,
          nicolae_vaults_three_branches, vaults_dpeg_cross, v_misc_25,
          nicolae_vaults_gold_heap, ontoclasm_vaults_tryst,
          nicolae_vaults_apartment_1, nicolae_vaults_theta,
          nicolae_vaults_tangram_1, grunt_vaults_hallway_short,
          layout_vaults_ring, trove_entry_hex_spiral
Vaults:2: infiniplex_enter_wizlab_spiral, minmay_crypt_entry_nasty_monster,
          nicolae_vaults_network_star, v_misc_14, ontoclasm_vaults_chip,
          nicolae_vaults_prndl, nicolae_vaults_taking_the_gang_shopping,
          nicolae_vaults_apartment_1, nicolae_vaults_alarming,
          layout_vaults_quadrants, uniq_zenata, uniq_asterion, uniq_boris
Vaults:3: portal_desolation_entry_twin_temple, nicolae_vaults_shrinking_rooms_2,
          v_rooms_4, hangedman_vaults_variations, gammafunk_sealed_arena,
          vaults_mumra_hex, nicolae_vaults_angled_halls, v_misc_19,
          nicolae_vaults_big_angled_halls, nicolae_vaults_specimen_jars,
          v_misc_8, nicolae_vaults_tetromino_T_1, nicolae_vaults_tetromino_Z_1,
          nicolae_vaults_sealed_display, layout_vaults_big_cross, uniq_xtahua
Vaults:4: nicolae_vaults_border_crossing, nicolae_vaults_holding_cells,
          v_misc_31, ontoclasm_vaults_ring_square, hangedman_vaults_snaps,
          nicolae_vaults_apartment_2, nicolae_vaults_storage_closets_2,
          nicolae_vaults_diagonal_hallway_7, nicolae_vaults_trapezoid_3,
          nicolae_vaults_storage_closets_1, hangedman_vaults_cutoff,
          layout_vaults_big_room, uniq_jory
Vaults:5
Crypt:1:  layout_catacombs, nicolae_crypt_twisting_catacombs,
          nicolae_crypt_crumbling_hall, uniq_aizul, uniq_saint_roka, uniq_sojobo
Crypt:2:  layout_chaotic_city, grunt_megastairs_5
Crypt:3:  lightli_unholy_cathedral, layout_chaotic_city,
          nicolae_tomb_entry_unfolded_pyramid_orthogonal,
          minmay_misc_feat_cross, weyrava_ghost_lake
Tomb:1
Tomb:2
Tomb:3
Depths:1: layout_cave_pools, enter_ziggurat_a, pf_coc_iceberg,
          gammafunk_ghost_crypt, minmay_room_of_horrors, tso_metal_star,
          serial_sigils, serial_sigils_hangedman_gut,
          serial_sigils_hangedman_stare, serial_sigils_hangedman_gnaw,
          serial_sigils_hangedman_quiver, fedhas_altar_3
Depths:2: minmay_bubble_buster, layout_cave_shapes, abyss_entry, hell_entry,
          pan_entry, nicolae_ru_path_of_blood, infiniplex_staircase_spiral
Depths:3: four-leaf_vault, layout_basic, abyss_entry_flame_altar,
          ashenzari_conservatory_becter, pan_entry, serial_shops,
          nicolae_shop_crystal, lightli_too_deep,
          infiniplex_staircase_door_maze, firewood_loft
Depths:4: evilmike_zot_entry_diamond, layout_honeycomb, pan_entry,
          patterned_corridor, hell_entry, nicolae_specific_store
Hell
Dis:1:    layout_gridville
Dis:2:    nicolae_dis_metal_hellway, layout_subdivisions,
          nicolae_dis_step_into_the_octagon
Dis:3:    layout_overlapping_boxes
Dis:4:    layout_gridville
Dis:5:    layout_gridville, nicolae_dis_strange_trophy_room
Dis:6:    layout_gridville, nicolae_dis_spooky_hallway
Dis:7:    dis_st
Geh:1:    layout_gehenna_pools_triple
Geh:2:    layout_gehenna_pools_basic
Geh:3:    layout_gehenna_lava_caves
Geh:4:    layout_gehenna_lava_caves
Geh:5:    layout_gehenna_pools_triple
Geh:6:    layout_gehenna_pools_box, nicolae_geh_gnashing_of_teeth
Zot:1:    ebering_greatest_show_in_zot, layout_cathedral_of_symmetry
Zot:2:    kennysheep_blocky_hall, layout_misc_corridors, ebering_ghost_xom
Zot:3:    kennysheep_six_static_rooms, layout_twisted_circle, st_stairs_9,
          hangedman_zot_decor_unnerving_road
Zot:4:    cheibrodos_zot_enchanting_chambers, layout_gridville
Zot:5:    layout_cellular_growth, grunt_ministairs_10
Zig:27

Skill      XL: |  1  2  3  4  5  6  7  8  9 10 11 12 13 14 15 16 17 18 19 20 21 22 23 24 25 26 27 |
---------------+----------------------------------------------------------------------------------+-----
Spellcasting   | 3 4 5 6 8 9 11 13 14 16 17 18 19 20 21 22 23 24 25 27 | 27.0
Earth Magic    | 4 5 6 7 8 10 12 13 15 16 18 19 20 21 23 24 25 27 | 27.0
Conjurations   | 2 5 7 9 10 11 12 13 22 | 22.4
Shields        | 4 5 |  5.3
Necromancy     | 4 7 9 11 13 17 25 | 25.1
Armour         | 3 5 7 9 10 12 21 | 21.9
Dodging        | 5 7 9 11 13 15 27 | 27.0
Fighting       | 17 | 17.3
Hexes          | 27 | 27.0
Translocations | 10 | 10.4
Stealth        | |  3.0
Transmutations | |  1.1

Action                     |  1- 3 |  4- 6 |  7- 9 | 10-12 | 13-15 | 16-18 | 19-21 | 22-24 | 25-27 || total
---------------------------+-------+-------+-------+-------+-------+-------+-------+-------+-------++-------
  Melee: Unarmed           |     1 |       |       |       |       |       |       |       |       ||     1
         Spear             |     9 |     4 |       |       |       |       |       |       |       ||    13
         Flail             |       |       |       |       |    10 |       |       |       |       ||    10
         Bite              |       |       |       |       |     3 |     1 |       |       |       ||     4
         Staff             |       |       |       |       |       |     3 |       |       |     1 ||     4
  Throw: Dart              |       |       |       |     6 |    11 |     7 |       |       |       ||    24
         Throwing net      |       |       |       |       |       |       |     2 |       |       ||     2
   Cast: Sandblast         |    49 |   155 |   142 |     6 |     2 |     4 |       |       |       ||   358
         Passwall          |     1 |     1 |       |       |     1 |       |       |     1 |       ||     4
         Stone Arrow       |       |     2 |    22 |   208 |   610 |    99 |       |       |       ||   941
         Lee's Rapid Decon |       |       |       |    49 |   241 |    98 |   109 |       |       ||   497
         Iskenderun's Myst |       |       |       |       |    40 |    22 |     1 |     7 |     8 ||    78
         Iron Shot         |       |       |       |       |       |   378 |   182 |    59 |   189 ||   808
         Blink             |       |       |       |       |       |     1 |       |     1 |     4 ||     6
         Shatter           |       |       |       |       |       |       |   136 |   683 |  1944 ||  2763
         Lehudib's Crystal |       |       |       |       |       |       |       |    23 |   108 ||   131
         Sublimation of Bl |       |       |       |       |       |       |       |       |   119 ||   119
         Discord           |       |       |       |       |       |       |       |       |   123 ||   123
Ability: Exsanguinate      |       |       |       |       |       |       |       |     1 |     1 ||     2
         Revivify          |       |       |       |       |       |       |       |       |     2 ||     2
  Evoke: Wand              |       |       |     6 |     4 |     5 |     2 |       |       |     1 ||    18
         Condenser vane    |       |       |       |       |       |     2 |       |       |     1 ||     3
         Lightning rod     |       |       |       |       |       |     1 |       |       |     2 ||     3
         Figurine of a zig |       |       |       |       |       |       |       |       |     1 ||     1
    Use: Scroll            |     2 |    15 |     5 |     3 |    10 |     9 |     2 |     3 |    17 ||    66
         Potion            |     1 |     3 |       |     1 |     2 |     4 |     2 |     8 |    24 ||    45
 Armour: Robe              |     5 |    16 |    14 |    34 |    56 |       |     4 |    27 |    82 ||   238
         Troll leather arm |       |       |       |       |    19 |    65 |     8 |       |       ||    92
         Leather armour    |       |       |       |       |       |    29 |       |       |       ||    29
  Dodge: Dodged            |    18 |    36 |    43 |    68 |   112 |    97 |    22 |    63 |   346 ||   805
  Block: Buckler           |       |       |       |       |       |    52 |       |       |       ||    52

Table legend: (Time is in decaauts)
 A = Elapsed time spent in this place.
 B = Non-inter-level travel time spent in this place.
 C = Inter-level travel time spent in this place.
 D = Time resting spent in this place.
 E = Time spent auto-exploring this place.
 F = Levels seen in this place.
 G = Mean time per level.
                   A        B        C        D        E       F      G
               +--------+--------+--------+--------+--------+-----+--------+
         Total |  83335 |  73840 |   9495 |   5113 |  51317 | 112 |  744.1 |
       Dungeon |  19124 |  15408 |   3716 |    525 |  12474 |  15 | 1274.9 |
        Temple |     55 |     40 |     15 |      0 |     30 |   1 |   55.0 |
          Lair |   7697 |   6514 |   1183 |    151 |   5283 |   5 | 1539.4 |
         Swamp |   4821 |   4560 |    261 |   1097 |   2635 |   4 | 1205.2 |
   Spider Nest |   3299 |   3150 |    149 |    176 |   2383 |   4 |  824.8 |
    Slime Pits |   2913 |   2530 |    383 |    801 |   1233 |   5 |  582.6 |
  Orcish Mines |   2577 |   2244 |    333 |    106 |   1431 |   2 | 1288.5 |
   Elven Halls |   2998 |   2894 |    104 |    130 |   2297 |   3 |  999.3 |
        Vaults |   9664 |   7948 |   1716 |    829 |   5472 |   5 | 1932.8 |
         Crypt |   3439 |   3095 |    344 |    218 |   2390 |   3 | 1146.3 |
          Tomb |   3274 |   2978 |    296 |    158 |   1998 |   3 | 1091.3 |
        Depths |   4368 |   3860 |    508 |     63 |   3168 |   4 | 1092.0 |
          Hell |   1027 |    970 |     57 |      0 |    725 |   1 | 1027.0 |
           Dis |   2426 |   2238 |    188 |      0 |   1722 |   7 |  346.6 |
       Gehenna |    579 |    559 |     20 |      0 |    206 |   6 |   96.5 |
           Zot |   4396 |   4182 |    214 |    195 |   2978 |   5 |  879.2 |
         Abyss |   1878 |   1878 |      0 |      3 |    753 |   5 |  375.6 |
      Ziggurat |   4212 |   4212 |      0 |    235 |   1763 |  27 |  156.0 |
        Bazaar |     96 |     96 |      0 |      0 |     41 |   1 |   96.0 |
         Sewer |    611 |    611 |      0 |      0 |    464 |   1 |  611.0 |
      Ice Cave |    948 |    948 |      0 |     75 |    596 |   1 |  948.0 |
       Volcano |    493 |    493 |      0 |     86 |    285 |   1 |  493.0 |
        Wizlab |    588 |    588 |      0 |     83 |    135 |   1 |  588.0 |
    Desolation |    849 |    849 |      0 |     26 |    506 |   1 |  849.0 |
      Gauntlet |    991 |    991 |      0 |    156 |    346 |   1 |  991.0 |
               +--------+--------+--------+--------+--------+-----+--------+

Top non-repeatable levels by time:
Vaults:4: 2561 daAuts
    D:13: 2534 daAuts
Vaults:1: 2346 daAuts
  Lair:5: 2155 daAuts
    D:11: 2061 daAuts
  Tomb:1: 2007 daAuts
   Orc:2: 1973 daAuts
     D:9: 1819 daAuts
Vaults:3: 1772 daAuts
Vaults:2: 1654 daAuts
  Lair:2: 1621 daAuts
   Dis:7: 1525 daAuts
    D:15: 1520 daAuts
     D:3: 1506 daAuts
  Lair:3: 1505 daAuts
